Workbook

Sheet Titlepage
B3: Supplementary Material to:
B4: Cost-Benefit Analysis of age-based screening for Driver's License Renewal
B5: https://doi.org/10.1016/j.tranpol.2026.104493
B7: Tano Kannegiesser, Stefan Tscharaktschiew
B8: 2026

Sheet Contents
B2: CONTENTS
B3: CBA CALCULATIONS
B4: CBA_1: Inputs
B5: CBA_2: MNL model
B6: CBA_3: Discounting
B7: CBA_4: Results
B8: CBA_5: Partial Sensitivity Analysis
B9: CBA_6 Monte Carlo Simulation
B11: DATA (see published paper for full citations)
B12: DATA_1: Derivation s_i_rev and s_in
B13: DATA_2: Raw data on ABS-regulation in USA 2019 (FTS, 2019: Driver Licensing Policies And Practices), 2024 (IIHS-HLDI, 2024: License Renewal Requirements); Data extracted from Lococo et al. (2017: Medical review practices for driver licensing, Volume 3: Guidelines and processes in the United States)
B14: DATA_3: Data extracted on Residence Parking Permits from DUH (2025) and Gieße (2025)
... B17: Gray cells and values are artifacts, intermediate results or document default / sensitivity analysis for copy-pasting.

Sheet CBA_1
A1: Back to content overview
B3: INPUTS
B5: QUANTITATIVE REACTIONS | O5: Default | R5: MCS | T5: Partial | AB5: gamma | AC5: NPV(gamma) | AD5: wert aus spalte: gamma
AC6: =CBA_4!I43 -> -7.6081435e+08
B7: 2024 parameters | C7: ABS Age thresholds i | D7: L_i | E7: s^in | F7: L_i^cor | G7: M_i | H7: L_i^cor*M_i | I7: s_i^rev (%) | J7: L_i^rev | K7: M_i^rev | M7: revoked * T_i | O7: s^in | P7: s_i^rev (%) | R7: s_i^rev | T7: s^in/2 | U7: s^in*2 | V7: s^in+1% each threshold | X7: s_i^rev/2 | Y7: s_i^rev*2 | Z7: s_i^rev +1% each threshold | AB7: 4
C8: 65 | D8: 1072151.7 | E8: =DATA_1!$D$50/100 -> 0.031007653 | F8: =D8-D8*E8 -> 1038906.8 | G8: 6717.451 | H8: =F8*G8 -> 6.9788055e+09 | I8: =DATA_1!$M$10 -> 0.28898468 | J8: =F8*(I8/100) -> 3002.2815 | K8: =J8*G8 -> 20167679 | M8: =J8*CBA_3!F7 -> 58120.149 | O8: =DATA_1!$D$50/100 -> 0.031007653 | P8: =DATA_1!$M$10 -> 0.28898468 | R8: =CBA_6!$C$12 -> 0.46109571 | T8: =(DATA_1!$D$50/100)/2 -> 0.015503826 | U8: =(DATA_1!$D$50/100)*2 -> 0.062015306 | V8: =(DATA_1!$D$50/100) -> 0.031007653 | X8: =P8/2 -> 0.14449234 | Y8: =P8*2 -> 0.57796937 | Z8: =P8 -> 0.28898468 | AB8: 3.99
C9: 70 | D9: 862630.3 | E9: =DATA_1!$D$50/100 -> 0.031007653 | F9: =D9-D9*E9 -> 835882.16 | G9: 5979.512 | H9: =F9*G9 -> 4.9981674e+09 | I9: =DATA_1!$M$11 -> 1.1781588 | J9: =F9*(I9/100) -> 9848.0192 | K9: =J9*G9 -> 58886349 | M9: =J9*CBA_3!F9 -> 153639.04 | O9: =DATA_1!$D$50/100 -> 0.031007653 | P9: =DATA_1!$M$11 -> 1.1781588 | R9: =CBA_6!$D$12 -> 1.7915671 | T9: =(DATA_1!$D$50/100)/2 -> 0.015503826 | U9: =(DATA_1!$D$50/100)*2 -> 0.062015306 | V9: =V8+0.01 -> 0.041007653 | X9: =P9/2 -> 0.5890794 | Y9: =P9*2 -> 2.3563176 | Z9: =Z8+1 -> 1.2889847 | AB9: 3.98
C10: 75 | D10: 732153.4 | E10: =DATA_1!$D$50/100 -> 0.031007653 | F10: =D10-D10*E10 -> 709451.04 | G10: 3945.044 | H10: =F10*G10 -> 2.7988156e+09 | I10: =DATA_1!$M$12 -> 1.9698481 | J10: =F10*(I10/100) -> 13975.108 | K10: =J10*G10 -> 55132415 | M10: =J10*CBA_3!F11 -> 168935.52 | O10: =DATA_1!$D$50/100 -> 0.031007653 | P10: =DATA_1!$M$12 -> 1.9698481 | R10: =CBA_6!$E$12 -> 3.3351101 | T10: =(DATA_1!$D$50/100)/2 -> 0.015503826 | U10: =(DATA_1!$D$50/100)*2 -> 0.062015306 | V10: =V9+0.01 -> 0.051007653 | X10: =P10/2 -> 0.98492404 | Y10: =P10*2 -> 3.9396962 | Z10: =Z9+1 -> 2.2889847 | AB10: 3.97
C11: 80 | D11: 519764.3 | E11: =DATA_1!$D$50/100 -> 0.031007653 | F11: =D11-D11*E11 -> 503647.63 | G11: 3295.127 | H11: =F11*G11 -> 1.6595829e+09 | I11: =DATA_1!$M$13 -> 2.0225867 | J11: =F11*(I11/100) -> 10186.71 | K11: =J11*G11 -> 33566503 | M11: =J11*CBA_3!F13 -> 90546.826 | O11: =DATA_1!$D$50/100 -> 0.031007653 | P11: =DATA_1!$M$13 -> 2.0225867 | R11: =CBA_6!$F$12 -> 4.202557 | T11: =(DATA_1!$D$50/100)/2 -> 0.015503826 | U11: =(DATA_1!$D$50/100)*2 -> 0.062015306 | V11: =V10+0.01 -> 0.061007653 | X11: =P11/2 -> 1.0112933 | Y11: =P11*2 -> 4.0451734 | Z11: =Z10+1 -> 3.2889847 | AB11: 3.96
C12: 85 | D12: 399319.3 | E12: =DATA_1!$D$50/100 -> 0.031007653 | F12: =D12-D12*E12 -> 386937.35 | G12: 1448.397 | H12: =F12*G12 -> 5.6043889e+08 | I12: =DATA_1!$M$14 -> 2.0852974 | J12: =F12*(I12/100) -> 8068.7945 | K12: =J12*G12 -> 11686818 | M12: =J12*CBA_3!F15 -> 49327.756 | O12: =DATA_1!$D$50/100 -> 0.031007653 | P12: =DATA_1!$M$14 -> 2.0852974 | R12: =CBA_6!$G$12 -> 3.801642 | T12: =(DATA_1!$D$50/100)/2 -> 0.015503826 | U12: =(DATA_1!$D$50/100)*2 -> 0.062015306 | V12: =V11+0.01 -> 0.071007653 | X12: =P12/2 -> 1.0426487 | Y12: =P12*2 -> 4.1705949 | Z12: =Z11+1 -> 4.2889847 | AB12: 3.95
C13: 90 | D13: 159834.8 | E13: =DATA_1!$D$50/100 -> 0.031007653 | F13: =D13-D13*E13 -> 154878.7 | G13: 1448.397 | H13: =F13*G13 -> 2.2432584e+08 | I13: =DATA_1!$M$15 -> 2.4405026 | J13: =F13*(I13/100) -> 3779.8187 | K13: =J13*G13 -> 5474678 | M13: =J13*CBA_3!F17 -> 15082.446 | O13: =DATA_1!$D$50/100 -> 0.031007653 | P13: =DATA_1!$M$15 -> 2.4405026 | R13: =CBA_6!$H$12 -> 4.3802806 | T13: =(DATA_1!$D$50/100)/2 -> 0.015503826 | U13: =(DATA_1!$D$50/100)*2 -> 0.062015306 | V13: =V12+0.01 -> 0.081007653 | X13: =P13/2 -> 1.2202513 | Y13: =P13*2 -> 4.8810052 | Z13: =Z12+1 -> 5.2889847 | AB13: 3.94
C14: 95 | D14: 40046.4 | E14: =DATA_1!$D$50/100 -> 0.031007653 | F14: =D14-D14*E14 -> 38804.655 | G14: 1448.397 | H14: =F14*G14 -> 56204546 | I14: =DATA_1!$M$15 -> 2.4405026 | J14: =F14*(I14/100) -> 947.02862 | K14: =J14*G14 -> 1371673.4 | M14: =J14*CBA_3!F19 -> 2511.1891 | O14: =DATA_1!$D$50/100 -> 0.031007653 | P14: =DATA_1!$M$15 -> 2.4405026 | R14: =CBA_6!$I$12 -> 1.2044472 | T14: =(DATA_1!$D$50/100)/2 -> 0.015503826 | U14: =(DATA_1!$D$50/100)*2 -> 0.062015306 | V14: =V13+0.01 -> 0.091007653 | X14: =P14/2 -> 1.2202513 | Y14: =P14*2 -> 4.8810052 | Z14: =Z13+1 -> 6.2889847 | AB14: 3.93
C15: SUM | D15: =SUM(D8:D14) -> 3785900.2 | F15: =SUM(F8:F14) -> 3668508.3 | H15: =SUM(H8:H14) -> 1.7276341e+10 | I15: =SUMPRODUCT(I8:I14,J8:J14)/J15 -> 1.7861515 | J15: =SUM(J8:J14) -> 49807.76 | K15: =SUM(K8:K14) -> 1.8628611e+08 | M15: =SUM(M8:M14) -> 538162.93 | AB15: 3.92
B17: Average mileage reduction | C17: =K15/J15 -> 3740.1022 | D17: [km/year]
B18: Average revocation age: | C18: =(K8*C8+K9*C9+K10*C10+K11*C11+K12*C12+K13*C13+K14*C14)/K15 -> 74.453238 | D18: [years]
B19: L^{tot}_{65+} (Drivers licenses 2024 65+) | C19: 16491354 | D19: n
B20: L^{tot}_{17+} (Drivers licenses 2024 total) | C20: 61753375 | D20: n
B21: Average mileage 65+ | C21: =D55/C19 -> 4631.7628 | D21: km/year
B22: share among 65+ drivers 2024 | C22: =J15/C19 -> 0.0030202347 | D22: -
B23: share among all drivers 2024 | C23: =J15/C20 -> 0.00080655932 | D23: -
B24: share among 65+ if license revoked until end of life | C24: =M15/C19 -> 0.032633035 | D24: -
B25: share among all drivers if license revoked until end of life | C25: =M15/C20 -> 0.0087147128 | D25: -
B26: Average duration spent with revoked license | C26: =C24/C22 -> 10.804801 | D26: [years]
B27: Mileage reduction in relation to total german mileage | C27: =K15/D54 -> 0.00034965327 | D27: %
B28: M^pop | C28: 8669.23 | D28: [km/year]
B30: PRIMARY MARKET
B32: INPUT MARKETS
F33: default
B34: Medical Examination | C34: t_me | D34: =(15/60)*1 -> 0.25 | E34: [h/case] | F34: 0.25
C35: Total Duration | D35: =D34*F15 -> 917127.08 | E35: [h]
C36: Total number of GP | D36: 45373 | E36: [GP 2024]
C37: Total GP working time per year (without abs) | D37: =45/5 *225 *D36 -> 91880325 | E37: [h/year]
C38: Additional working time per GP | D38: =D35/D36 -> 20.213058 | E38: [h/year]
C39: Ratio additional time/previous working time | D39: =D35/D37 -> 0.009981757 | E39: - | F39: default
C40: c_me | D40: =((80 + 260+ 89 +70) * 2.3 * 0.0582873)*1 -> 66.896334 | E40: [€2024/case] | F40: =((80 + 260+ 89 +70) * 2.3 * 0.0582873) -> 66.896334
C41: w_gp | D41: =98750/(12*4.35*45) -> 42.039166 | E41: [€2024/h]
B43: Administrative Labor Inputs | C43: w_ad | D43: =AVERAGE(23.51, 22.05,21.13,20.54) -> 21.8075 | E43: [€2024/h] | F43: default
C44: t_ad | D44: =(16.5/60)*1 -> 0.275 | E44: [h/case] | F44: =(16.5/60) -> 0.275
C45: Total Duration | D45: =D44*F15 -> 1008839.8 | E45: [h]
F46: default
B47: Driver Effort | C47: t_gp | D47: =1.25*1 -> 1.25 | E47: [h] | F47: =1.25 -> 1.25
C48: phi | D48: =25*1 -> 25 | E48: [€2024/case] | F48: =25 -> 25
C49: mu | D49: =(D56*AVERAGE(8.17/12.4,25.2/30.6)) -> 7.5289644 | E49: [€ 2024/h]
B51: OUTPUT MARKET
B53: General parameters
C54: M_tot_18+ | D54: 532773835318
C55: M_tot_65+ | D55: 76384039662 | F55: default | G55: MCS
C56: lambda_c | D56: =(AVERAGE(7.94*(119.3/78.9),6.59*(119.3/88.1),7.6*(119.3/95))) -> 10.157802 | E56: [€ 2024/h] | F56: =(AVERAGE(7.94*(119.3/78.9),6.59*(119.3/88.1),7.6*(119.3/95))) -> 10.157802 | G56: =CBA_6!$W$12 -> 10.679984
C57: lambda_pop | D57: =((4691/(4.35*40))*0.5) -> 13.479885 | E57: [€ 2024/h]
C58: v | D58: =CBA_2!F10/(CBA_2!I10/60) -> 28.419311 | E58: [km/h]
C59: kappa | D59: =0.7662338 -> 0.7662338 | E59: [2023 cars/license 65+]
B61: MNL model
C62: Long-run elasticity of annual VKM w.r.t. generalized travel cost
C63: e_c_f | D63: =-AVERAGE(0.47,0.45,0.37,0.529)*1.59 -> -0.7230525 | E63: []
C64: e_c_m | D64: -0.3673 | E64: []
C65: e_c_d | D65: 0 | E65: []
C66: e_c_p | D66: =AVERAGE(-0.15,-0.15,-0.19,-0.2)*1.59 -> -0.274275 | E66: []
C67: e_c_t | D67: =AVERAGE(-0.74,-(EXP(-1.05-1.488+0.853+(1.071+1.339+1.348)/3))) -> -0.6944965 | E67: [] | F67: default | G67: MCS
C68: ε | D68: =($D$63*$F$72+$D$64*$F$73+$D$65*$F$74+$D$66*$F$75+$D$67*$F$76) -> -0.55947486 | E68: [] | F68: =($D$63*$F$72+$D$64*$F$73+$D$65*$F$74+$D$66*$F$75+$D$67*$F$76) -> -0.55947486 | G68: =CBA_6!$J$12 -> -0.4927853
C70: Private Marginal car Cost k
F71: Share | H71: default | I71: MCS
C72: c_f | D72: =($D$136*$D$138*$D$137)+($E$136*$E$138*$E$137)*1 -> 0.12948133 | E72: [€ 2024/km] | F72: =D72/SUM($D$72:$D$76) -> 0.19244374 | H72: =($D$136*$D$138*$D$137)+($E$136*$E$138*$E$137)*1 -> 0.12948133 | I72: =CBA_6!$L$12 -> 0.095201843
C73: c_m | D73: =AVERAGE((67/(12333/12))*(124.8/95.2),(0.038+0.022)*0.9034*(124.8/95.2),(55/1250)*(124.8/101.1),(48/1028)*(124.8/95.2),0.07*(124.8/120),((96*12)/15000))*1 -> 0.070273795 | E73: [€ 2024/km] | F73: =D73/SUM($D$72:$D$76) -> 0.10444558 | H73: =AVERAGE((67/(12333/12))*(124.8/95.2),(0.038+0.022)*0.9034*(124.8/95.2),(55/1250)*(124.8/101.1),(48/1028)*(124.8/95.2),0.07*(124.8/120),((96*12)/15000))*1 -> 0.070273795 | I73: =CBA_6!$M$12 -> 0.051530828
C74: c_d | D74: =AVERAGE(0.07*124.8/95.2*0.9173,0.08*124.8/120)*1 -> 0.083687882 | E74: [€ 2024/km] | F74: =D74/SUM($D$72:$D$76) -> 0.12438249 | H74: =AVERAGE(0.07*124.8/95.2*0.9173,0.08*124.8/120)*1 -> 0.083687882 | I74: =CBA_6!$K$12 -> 0.095945841
C75: c_p | D75: =((AVERAGE(354.1, 200))/$C$28)*1 -> 0.031957856 | E75: [€ 2024/km] | F75: =D75/SUM($D$72:$D$76) -> 0.047497887 | H75: =((AVERAGE(354.1, 200))/$C$28)*1 -> 0.031957856 | I75: =CBA_6!$N$12 -> 0.026552183
C76: c_t | D76: =((1/$D$58)*$D$56)*1 -> 0.35742603 | E76: [€ 2024/km] | F76: =D76/SUM($D$72:$D$76) -> 0.5312303 | H76: =((1/$D$58)*$D$56)*1 -> 0.35742603 | I76: =CBA_6!$O$12 -> 0.39903141
C77: sum c_k | D77: =SUM($D$72:$D$76) -> 0.67282689 | E77: [€ 2024/km] | H77: =SUM($D$72:$D$76) -> 0.67282689
F78: default
C79: alpha | D79: =(CBA_1!D68 / (CBA_2!L10 * (1 - CBA_2!E10)))*1 -> -0.099815304 | E79: [1/€] | F79: =CBA_1!D68 / (CBA_2!L10 * (1 - CBA_2!E10)) -> -0.099815304
C80: ß_time | D80: =CBA_1!D79*CBA_1!D56/60 -> -0.016898401 | E80: [1/min]
C82: Model inputs | G82: default | H82: MCS
C83: n | D83: c_n | E83: lambda_n | G83: c_n | H83: c_n
C84: w | D84: 0 | E84: =D56*1.45 -> 14.728812 | G84: 0 | H84: 0
C85: b | D85: 0 | E85: =D56*1.45 -> 14.728812 | G85: 0 | H85: 0
C86: Car Passenger | D86: =SUM(CBA_1!$D$72:$D$75) -> 0.31540086 | E86: =$D$56 -> 10.157802 | G86: =SUM(CBA_1!$D$72:$D$75) -> 0.31540086 | H86: =SUM(CBA_1!$D$72:$D$75) -> 0.31540086
C87: cp | D87: 0 | E87: =$D$56 -> 10.157802 | G87: 0 | H87: 0
C88: PT | D88: =12328000000/88596000000 -> 0.13914849 | E88: =$D$56 -> 10.157802 | G88: =12328000000/88596000000 -> 0.13914849 | H88: =CBA_6!$Z$12 -> 0.18479533
C89: tx | D89: 2.5 | E89: =$D$56 -> 10.157802 | G89: 2.5 | H89: =CBA_6!$Y$12 -> 2.4768842
C90: lpt | D90: =(18137-12328)/(132423-88596) -> 0.13254387 | E90: =$D$56 -> 10.157802 | G90: =(18137-12328)/(132423-88596) -> 0.13254387 | H90: =CBA_6!$AA$12 -> 0.17424268
C91: im | D91: 0 | E91: 0 | G91: 0 | H91: 0
B93: External effects | C93: ABS safety benefit | F93: default | G93: MCS | H93: partial | I93: NPV 0
C94: gamma | D94: 0 | E94: [%] | F94: 0 | G94: =CBA_6!$AD$12 -> 0.95013367 | H94: 1.4027984 | I94: 1.921
C96: Car driving externalities | F96: default | G96: MCS
C97: e_cr | D97: =0.0415495231190673*(119.3/95)*((32630/76384039662)/(169123/532773835318)) -> 0.070216236 | E97: [€ 2024/vkm] | F97: =0.0415495231190673*(119.3/95)*((32630/76384039662)/(169123/532773835318)) -> 0.070216236 | G97: =CBA_6!$S$12 -> 0.061678405
C99: infrastructure? | D99: =1.72095408683964/1000*(119.3/95) -> 0.002161156
F100: default | G100: MCS
C101: e_ap | D101: =0.0120300902810962*(119.3/95) -> 0.015107261 | E101: [€ 2024/vkm] | F101: =0.0120300902810962*(119.3/95) -> 0.015107261 | G101: =CBA_6!$P$12 -> 0.019185058
C102: e_cc | D102: =0.0197013491812078*(119.3/95) -> 0.024740747 | E102: [€ 2024/vkm] | F102: =0.0197013491812078*(119.3/95) -> 0.024740747 | G102: =CBA_6!$R$12 -> 0.027570635
C103: e_c | D103: =0.0106704493187948*(119.3/95) -> 0.013399838 | E103: [€ 2024/vkm] | F103: =0.0106704493187948*(119.3/95) -> 0.013399838 | G103: =CBA_6!$Q$12 -> 0.0089192527
C104: e_n | D104: =0.00524005524978863*(119.3/95) -> 0.0065804062 | E104: [€ 2024/vkm] | F104: =0.00524005524978863*(119.3/95) -> 0.0065804062 | G104: =CBA_6!$U$12 -> 0.0046247819
C105: e_wtt | D105: =0.00730021034714383*(119.3/95) -> 0.0091675273 | E105: [€ 2024/vkm] | F105: =0.00730021034714383*(119.3/95) -> 0.0091675273 | G105: =CBA_6!$V$12 -> 0.0078400399
C106: e_h | D106: =0.0107561411577997*(119.3/95) -> 0.013507449 | E106: [€ 2024/vkm] | F106: =0.0107561411577997*(119.3/95) -> 0.013507449 | G106: =CBA_6!$T$12 -> 0.015035556
C107: sum without crash | D107: =SUM($D$101:$D$106) -> 0.082503228 | E107: [€ 2024/vkm] | F107: =SUM($D$101:$D$106) -> 0.082503228
C109: Mental health excess cost | F109: default
C110: s_de | D110: =(7/66-0.056)*1 -> 0.050060606 | E110: [share] | F110: =(7/66-0.056) -> 0.050060606
C111: e_de | D111: =AVERAGE((5422-3624)*DATA_4!O20,2115*2*DATA_4!I20,2168*DATA_4!J20)*1 -> 3578.1639 | E111: [€ 2024/year] | F111: =AVERAGE((5422-3624)*(119.3/81.5),2115*2*(119.3/91.7),2168*(119.3/99.5)) -> 3578.1639
C113: additional depressive cases | D113: =D110*J15 -> 2493.4067 | E113: [n/year]
C114: possible depression from casualty crashes | D114: =22397/C19*J15 -> 67.644197 | E114: [n/year]
B116: Fixed car ownership cost | F116: default
C117: c_rv | D117: =12500*1 -> 12500 | E117: € | F117: 12500
...

Sheet CBA_2
A1: Back to content overview
B3: MNL MODEL | T3: revoked car trips | U3: =CBA_1!K15/F10 -> 15103811
T4: CO | U4: =U3/E10 -> 46536133
B5: AVERAGE / NO SEGMENTS
B6: BASELINE SITUATION (NO ABS) | T6: ABS
B7: n | C7: modal split [%] | E7: P_n | F7: D_n | G7: c_n | H7: C_n | I7: T_n | J7: lambda_n | K7: T_n | L7: GC_n | M7: V_n-ASC_n | N7: ASC_n | O7: V_n | P7: numerator | Q7: P_n | R7: test | T7: numerator | U7: P_n_1 | V7: difference | W7: change in trips | X7: distance change [km] | Z7: avg speed
B8: Walk | C8: 29.825075 | D8: =C8/100 -> 0.29825075 | E8: =D8*(1-$D$15) -> 0.22517931 | F8: 2.0705498 | G8: =CBA_1!$D$84 -> 0 | H8: =F8*G8 -> 0 | I8: 34.310637 | J8: =CBA_1!$E$84 -> 14.728812 | K8: =I8/60*J8 -> 8.4225822 | L8: =H8+K8 -> 8.4225822 | M8: =L8*CBA_1!$D$79 -> -0.84070261 | N8: =LN(E8/$E$15)-M8 -> 0.75634143 | O8: =N8+M8 -> -0.084361175 | P8: =EXP(O8) -> 0.91909924 | Q8: =P8/$P$17 -> 0.22517931 | R8: =IF(Q8=E8,"T","F") -> T | T8: =P8 -> 0.91909924 | U8: =T8/$T$17 -> 0.33338213 | V8: =U8-Q8 -> 0.10820282 | W8: =V8*$U$4 -> 5035340.9 | X8: =W8*F8 -> 10425924 | Z8: =F8/(I8/60) -> 3.6208301
B9: Bike | C9: 9.7555196 | D9: =C9/100 -> 0.097555196 | E9: =D9*(1-$D$15) -> 0.073654173 | F9: 5.2372201 | G9: =CBA_1!$D$85 -> 0 | H9: =F9*G9 -> 0 | I9: 31.19276 | J9: =CBA_1!$E$85 -> 14.728812 | K9: =I9/60*J9 -> 7.657205 | L9: =H9+K9 -> 7.657205 | M9: =L9*CBA_1!$D$79 -> -0.76430625 | N9: =LN(E9/$E$15)-M9 -> -0.43757117 | O9: =N9+M9 -> -1.2018774 | P9: =EXP(O9) -> 0.30062928 | Q9: =P9/$P$17 -> 0.073654173 | R9: =IF(Q9=E9,"T","F") -> T | T9: =P9 -> 0.30062928 | U9: =T9/$T$17 -> 0.10904636 | V9: =U9-Q9 -> 0.035392191 | W9: =V9*$U$4 -> 1647015.7 | X9: =W9*F9 -> 8625783.8 | Z9: =F9/(I9/60) -> 10.073915
B10: Car Driver | C10: 42.988205 | D10: =C10/100 -> 0.42988205 | E10: =D10*(1-$D$15) -> 0.32456094 | F10: 12.333716 | G10: =CBA_1!$D$86 -> 0.31540086 | H10: =F10*G10 -> 3.8900645 | I10: 26.03944 | J10: =CBA_1!$E$86 -> 10.157802 | K10: =I10/60*J10 -> 4.4083911 | L10: =H10+K10 -> 8.2984556 | M10: =L10*CBA_1!$D$79 -> -0.82831287 | N10: =LN(E10/$E$15)-M10 -> 1.109528 | O10: =N10+M10 -> 0.28121512 | P10: =EXP(O10) -> 1.3247385 | Q10: =P10/$P$17 -> 0.32456094 | R10: =IF(Q10=E10,"T","F") -> T | T10: 0 | U10: =T10/$T$17 -> 0 | V10: =U10-Q10 -> -0.32456094 | W10: =V10*$U$4 -> -15103811 | X10: =W10*F10 -> -1.8628611e+08 | Z10: =F10/(I10/60) -> 28.419311
B11: Car Passenger | C11: 10.585139 | D11: =C11/100 -> 0.10585139 | E11: =D11*(1-$D$15) -> 0.079917803 | F11: 16.990333 | G11: =CBA_1!$D$87 -> 0 | H11: =F11*G11 -> 0 | I11: 30.810034 | J11: =CBA_1!$E$87 -> 10.157802 | K11: =I11/60*J11 -> 5.2160368 | L11: =H11+K11 -> 5.2160368 | M11: =L11*CBA_1!$D$79 -> -0.5206403 | N11: =LN(E11/$E$15)-M11 -> -0.59961928 | O11: =N11+M11 -> -1.1202596 | P11: =EXP(O11) -> 0.32619511 | Q11: =P11/$P$17 -> 0.079917803 | R11: =IF(Q11=E11,"T","F") -> T | T11: =P11 -> 0.32619511 | U11: =T11/$T$17 -> 0.11831978 | V11: =U11-Q11 -> 0.038401981 | W11: =V11*$U$4 -> 1787079.7 | X11: =W11*F11 -> 30363079 | Z11: =F11/(I11/60) -> 33.087272
B12: Public Transport | C12: 5.8087983 | D12: =C12/100 -> 0.058087983 | E12: =D12*(1-$D$15) -> 0.043856427 | F12: 11.629045 | G12: =CBA_1!$D$88 -> 0.13914849 | H12: =F12*G12 -> 1.6181641 | I12: 48.696934 | J12: =CBA_1!$E$88 -> 10.157802 | K12: =I12/60*J12 -> 8.2442299 | L12: =H12+K12 -> 9.862394 | M12: =L12*CBA_1!$D$79 -> -0.98441785 | N12: =LN(E12/$E$15)-M12 -> -0.73591907 | O12: =N12+M12 -> -1.7203369 | P12: =EXP(O12) -> 0.17900583 | Q12: =P12/$P$17 -> 0.043856427 | R12: =IF(Q12=E12,"T","F") -> T | T12: =P12 -> 0.17900583 | U12: =T12/$T$17 -> 0.064930251 | V12: =U12-Q12 -> 0.021073824 | W12: =V12*$U$4 -> 980694.26 | X12: =W12*F12 -> 11404537 | Z12: =F12/(I12/60) -> 14.328267
B13: Taxi | C13: 0.32618635 | D13: =C13/100 -> 0.0032618635 | E13: =D13*(1-$D$15) -> 0.0024627069 | F13: 9.1235374 | G13: =CBA_1!$D$89 -> 2.5 | H13: =F13*G13 -> 22.808843 | I13: 28.259419 | J13: =CBA_1!$E$89 -> 10.157802 | K13: =I13/60*J13 -> 4.7842262 | L13: =H13+K13 -> 27.59307 | M13: =L13*CBA_1!$D$79 -> -2.7542106 | N13: =LN(E13/$E$15)-M13 -> -1.8457864 | O13: =N13+M13 -> -4.5999971 | P13: =EXP(O13) -> 0.010051865 | Q13: =P13/$P$17 -> 0.0024627069 | R13: =IF(Q13=E13,"T","F") -> T | T13: =P13 -> 0.010051865 | U13: =T13/$T$17 -> 0.0036460831 | V13: =U13-Q13 -> 0.0011833762 | W13: =V13*$U$4 -> 55069.751 | X13: =W13*F13 -> 502430.93 | Z13: =F13/(I13/60) -> 19.370966
B14: Long-dist. PT | C14: 0.71107712 | D14: =C14/100 -> 0.0071107712 | E14: =D14*(1-$D$15) -> 0.0053686322 | F14: 134.93086 | G14: =CBA_1!$D$90 -> 0.13254387 | H14: =F14*G14 -> 17.884258 | I14: 132.6472 | J14: =CBA_1!$E$90 -> 10.157802 | K14: =I14/60*J14 -> 22.456733 | L14: =H14+K14 -> 40.340991 | M14: =L14*CBA_1!$D$79 -> -4.0266483 | N14: =LN(E14/$E$15)-M14 -> 0.20596323 | O14: =N14+M14 -> -3.820685 | P14: =EXP(O14) -> 0.021912785 | Q14: =P14/$P$17 -> 0.0053686322 | R14: =IF(Q14=E14,"T","F") -> T | T14: =P14 -> 0.021912785 | U14: =T14/$T$17 -> 0.0079483592 | V14: =U14-Q14 -> 0.002579727 | W14: =V14*$U$4 -> 120050.52 | X14: =W14*F14 -> 16198520 | Z14: =F14/(I14/60) -> 61.032961
B15: immobile | C15: 24.5 | D15: =C15/100 -> 0.245 | E15: =C15/100 -> 0.245 | F15: 0 | G15: =CBA_1!$D$91 -> 0 | H15: 0 | I15: 0 | J15: =CBA_1!$E$91 -> 0 | K15: 0 | L15: 0 | M15: =L15*CBA_1!$D$79 -> 0 | N15: =LN(E15/$E$15)-M15 -> 0 | O15: =N15+M15 -> 0 | P15: =EXP(O15) -> 1 | Q15: =P15/$P$17 -> 0.245 | R15: =IF(Q15=E15,"T","F") -> T | T15: =P15 -> 1 | U15: =T15/$T$17 -> 0.36272703 | V15: =U15-Q15 -> 0.11772703 | W15: =V15*$U$4 -> 5478560.6 | X15: =W15*F15 -> 0
P17: =SUM(P8:P15) -> 4.0816327 | T17: =SUM(T8:T15) -> 2.7568941
T18: CS LOSS | U18: =(1/ABS(CBA_1!$D$79))*(LN(T17)-LN(P17))*U4 -> -1.8294211e+08
B21: REGIOSTAR 2 x DISTANCE SEGREGATION
B22: BASELINE SITUATION (NO ABS) | T22: ABS
T23: revoked mileage | U23: =C24*CBA_1!$K$15 -> 11217175
B24: share of revoked km | C24: =6.02147692526884/100 -> 0.060214769 | T24: revoked car trips | U24: =U23/F29 -> 4127467.7
B25: Urban <= 5km | T25: CO | U25: =U24/E29 -> 17608079 | Z25: Delta_n | AA25: AGG CS LOSS
B26: trip mode | C26: modal split [%] | E26: P_n | F26: D_n | G26: c_n | H26: C_n | I26: T_n | J26: lambda_n | K26: T_n | L26: GC_n | M26: V_n-ASC_n | N26: ASC_n | O26: V_n | P26: numerator | Q26: P_n | R26: test | T26: numerator | U26: P_n_1 | V26: difference | W26: change in trips | X26: distance change [km]
B27: Walk | C27: 44.550617 | D27: =C27/100 -> 0.44550617 | E27: =D27*(1-($C$34/100)) -> 0.33975511 | F27: 1.5473435 | G27: =CBA_1!$D$84 -> 0 | H27: =F27*G27 -> 0 | I27: 27.794446 | J27: =CBA_1!$E$84 -> 14.728812 | K27: =I27/60*J27 -> 6.8229863 | L27: =H27+K27 -> 6.8229863 | M27: =L27*CBA_1!$D$79 -> -0.68103845 | N27: =LN(E27/$E$34)-M27 -> 1.0396316 | O27: =N27+M27 -> 0.35859311 | P27: =EXP(O27) -> 1.4313143 | Q27: =P27/$P$36 -> 0.33975511 | R27: =IF(Q27=E27,"T","F") -> T | T27: =P27 -> 1.4313143 | U27: =T27/$T$36 -> 0.44378069 | V27: =U27-Q27 -> 0.10402557 | W27: =V27*$U$25 -> 1831690.4 | X27: =W27*F27 -> 2834254.3 | Z27: =X27+X44+X61+X78 -> 10329999 | AA27: =U37+U54+U71+U89 -> -1.8758023e+08
B28: Bike | C28: 12.205402 | D28: =C28/100 -> 0.12205402 | E28: =D28*(1-($C$34/100)) -> 0.093081715 | F28: 2.1354159 | G28: =CBA_1!$D$85 -> 0 | H28: =F28*G28 -> 0 | I28: 16.631155 | J28: =CBA_1!$E$85 -> 14.728812 | K28: =I28/60*J28 -> 4.0826192 | L28: =H28+K28 -> 4.0826192 | M28: =L28*CBA_1!$D$79 -> -0.40750788 | N28: =LN(E28/$E$34)-M28 -> -0.52864636 | O28: =N28+M28 -> -0.93615424 | P28: =EXP(O28) -> 0.39213299 | Q28: =P28/$P$36 -> 0.093081715 | R28: =IF(Q28=E28,"T","F") -> T | T28: =P28 -> 0.39213299 | U28: =T28/$T$36 -> 0.1215813 | V28: =U28-Q28 -> 0.028499582 | W28: =V28*$U$25 -> 501822.87 | X28: =W28*F28 -> 1071600.6 | Z28: =X28+X45+X62+X79 -> 12199641
B29: Car Driver | C29: 30.736856 | D29: =C29/100 -> 0.30736856 | E29: =D29*(1-($C$34/100)) -> 0.23440761 | F29: 2.7176895 | G29: =CBA_1!$D$86 -> 0.31540086 | H29: =F29*G29 -> 0.85716159 | I29: 13.901368 | J29: =CBA_1!$E$86 -> 10.157802 | K29: =I29/60*J29 -> 2.3534557 | L29: =H29+K29 -> 3.2106173 | M29: =L29*CBA_1!$D$79 -> -0.32046874 | N29: =LN(E29/$E$34)-M29 -> 0.30789828 | O29: =N29+M29 -> -0.012570457 | P29: =EXP(O29) -> 0.98750822 | Q29: =P29/$P$36 -> 0.23440761 | R29: =IF(Q29=E29,"T","F") -> T | T29: 0 | U29: =T29/$T$36 -> 0 | V29: =U29-Q29 -> -0.23440761 | W29: =V29*$U$25 -> -4127467.7 | X29: =W29*F29 -> -11217175 | Z29: =X29+X46+X63+X80 -> -1.8628611e+08
B30: Car Passenger | C30: 6.6756767 | D30: =C30/100 -> 0.066756767 | E30: =D30*(1-($C$34/100)) -> 0.050910525 | F30: 2.7764961 | G30: =CBA_1!$D$87 -> 0 | H30: =F30*G30 -> 0 | I30: 15.506822 | J30: =CBA_1!$E$87 -> 10.157802 | K30: =I30/60*J30 -> 2.6252537 | L30: =H30+K30 -> 2.6252537 | M30: =L30*CBA_1!$D$79 -> -0.2620405 | N30: =LN(E30/$E$34)-M30 -> -1.2775218 | O30: =N30+M30 -> -1.5395623 | P30: =EXP(O30) -> 0.21447495 | Q30: =P30/$P$36 -> 0.050910525 | R30: =IF(Q30=E30,"T","F") -> T | T30: =P30 -> 0.21447495 | U30: =T30/$T$36 -> 0.066498212 | V30: =U30-Q30 -> 0.015587687 | W30: =V30*$U$25 -> 274469.22 | X30: =W30*F30 -> 762062.73 | Z30: =X30+X47+X64+X81 -> 50582477
B31: Public Transport | C31: 5.4401358 | D31: =C31/100 -> 0.054401358 | E31: =D31*(1-($C$34/100)) -> 0.041487954 | F31: 2.7896261 | G31: =CBA_1!$D$88 -> 0.13914849 | H31: =F31*G31 -> 0.38817227 | I31: 30.995591 | J31: =CBA_1!$E$88 -> 10.157802 | K31: =I31/60*J31 -> 5.247451 | L31: =H31+K31 -> 5.6356233 | M31: =L31*CBA_1!$D$79 -> -0.56252145 | N31: =LN(E31/$E$34)-M31 -> -1.1817074 | O31: =N31+M31 -> -1.7442289 | P31: =EXP(O31) -> 0.17477971 | Q31: =P31/$P$36 -> 0.041487954 | R31: =IF(Q31=E31,"T","F") -> T | T31: =P31 -> 0.17477971 | U31: =T31/$T$36 -> 0.054190656 | V31: =U31-Q31 -> 0.012702702 | W31: =V31*$U$25 -> 223670.18 | X31: =W31*F31 -> 623956.18 | Z31: =X31+X48+X65+X82 -> 17564904
B32: Taxi | C32: 0.24969085 | D32: =C32/100 -> 0.0024969085 | E32: =D32*(1-($C$34/100)) -> 0.0019042103 | F32: 2.2241896 | G32: =CBA_1!$D$89 -> 2.5 | H32: =F32*G32 -> 5.5604741 | I32: 18.300006 | J32: =CBA_1!$E$89 -> 10.157802 | K32: =I32/60*J32 -> 3.0981305 | L32: =H32+K32 -> 8.6586046 | M32: =L32*CBA_1!$D$79 -> -0.86426125 | N32: =LN(E32/$E$34)-M32 -> -3.9613033 | O32: =N32+M32 -> -4.8255646 | P32: =EXP(O32) -> 0.0080220233 | Q32: =P32/$P$36 -> 0.0019042103 | R32: =IF(Q32=E32,"T","F") -> T | T32: =P32 -> 0.0080220233 | U32: =T32/$T$36 -> 0.0024872378 | V32: =U32-Q32 -> 0.00058302748 | W32: =V32*$U$25 -> 10265.994 | X32: =W32*F32 -> 22833.517 | Z32: =X32+X49+X66+X83 -> 794908.6
B33: Long-dist. PT | C33: 0.14162174 | D33: =C33/100 -> 0.0014162174 | E33: =D33*(1-($C$34/100)) -> 0.0010800459 | F33: 2.6411829 | G33: =CBA_1!$D$90 -> 0.13254387 | H33: =F33*G33 -> 0.35007259 | I33: 42.171125 | J33: =CBA_1!$E$90 -> 10.157802 | K33: =I33/60*J33 -> 7.1394319 | L33: =H33+K33 -> 7.4895045 | M33: =L33*CBA_1!$D$79 -> -0.74756717 | N33: =LN(E33/$E$34)-M33 -> -4.6450613 | O33: =N33+M33 -> -5.3926285 | P33: =EXP(O33) -> 0.0045499982 | Q33: =P33/$P$36 -> 0.0010800459 | R33: =IF(Q33=E33,"T","F") -> T | T33: =P33 -> 0.0045499982 | U33: =T33/$T$36 -> 0.0014107323 | V33: =U33-Q33 -> 0.00033068639 | W33: =V33*$U$25 -> 5822.752 | X33: =W33*F33 -> 15378.953 | Z33: =X33+X50+X67+X84 -> 27886409
B34: immobile | C34: 23.737282 | D34: =C34/100 -> 0.23737282 | E34: =C34/100 -> 0.23737282 | F34: 0 | G34: =CBA_1!$D$91 -> 0 | H34: 0 | I34: 0 | J34: =CBA_1!$E$91 -> 0 | K34: 0 | L34: 0 | M34: =L34*CBA_1!$D$79 -> 0 | N34: =LN(E34/$E$34)-M34 -> 0 | O34: =N34+M34 -> 0 | P34: =EXP(O34) -> 1 | Q34: =P34/$P$36 -> 0.23737282 | R34: =IF(Q34=E34,"T","F") -> T | T34: =P34 -> 1 | U34: =T34/$T$36 -> 0.31005118 | V34: =U34-Q34 -> 0.072678357 | W34: =V34*$U$25 -> 1279726.2 | X34: =W34*F34 -> 0 | Z34: =X34+X51+X68+X85 -> 0
P36: =SUM(P27:P34) -> 4.2127822 | T36: =SUM(T27:T34) -> 3.225274
T37: CS LOSS | U37: =(1/ABS(CBA_1!$D$79))*(LN(T36)-LN(P36))*U25 -> -47119153
T40: revoked mileage | U40: =C41*CBA_1!$K$15 -> 96136830
B41: share of revoked km | C41: =51.6070829179326/100 -> 0.51607083 | T41: revoked car trips | U41: =U40/F46 -> 4466804.6
B42: Urban > 5km | T42: CO | U42: =U41/E46 -> 10303545
B43: trip mode
B44: Walk | C44: 5.7484784 | D44: =C44/100 -> 0.057484784 | E44: =D44*(1-($C$51/100)) -> 0.043839458 | F44: 8.2097283 | G44: =CBA_1!$D$84 -> 0 | H44: =F44*G44 -> 0 | I44: 104.77625 | J44: =CBA_1!$E$84 -> 14.728812 | K44: =I44/60*J44 -> 25.720495 | L44: =H44+K44 -> 25.720495 | M44: =L44*CBA_1!$D$79 -> -2.567299 | N44: =LN(E44/$E$51)-M44 -> 0.8782013 | O44: =N44+M44 -> -1.6890977 | P44: =EXP(O44) -> 0.18468609 | Q44: =P44/$P$53 -> 0.043839458 | R44: =IF(Q44=E44,"T","F") -> T | T44: =P44 -> 0.18468609 | U44: =T44/$T$53 -> 0.077389402 | V44: =U44-Q44 -> 0.033549943 | W44: =V44*$U$42 -> 345683.34 | X44: =W44*F44 -> 2837966.3
B45: Bike | C45: 6.541206 | D45: =C45/100 -> 0.06541206 | E45: =D45*(1-($C$51/100)) -> 0.049885014 | F45: 14.411069 | G45: =CBA_1!$D$85 -> 0 | H45: =F45*G45 -> 0 | I45: 70.810068 | J45: =CBA_1!$E$85 -> 14.728812 | K45: =I45/60*J45 -> 17.38247 | L45: =H45+K45 -> 17.38247 | M45: =L45*CBA_1!$D$79 -> -1.7350365 | N45: =LN(E45/$E$51)-M45 -> 0.17512517 | O45: =N45+M45 -> -1.5599114 | P45: =EXP(O45) -> 0.2101547 | Q45: =P45/$P$53 -> 0.049885014 | R45: =IF(Q45=E45,"T","F") -> T | T45: =P45 -> 0.2101547 | U45: =T45/$T$53 -> 0.088061567 | V45: =U45-Q45 -> 0.038176553 | W45: =V45*$U$42 -> 393353.81 | X45: =W45*F45 -> 5668649.1
B46: Car Driver | C46: 56.845753 | D46: =C46/100 -> 0.56845753 | E46: =D46*(1-($C$51/100)) -> 0.43352116 | F46: 21.522506 | G46: =CBA_1!$D$86 -> 0.31540086 | H46: =F46*G46 -> 6.7882169 | I46: 37.872656 | J46: =CBA_1!$E$86 -> 10.157802 | K46: =I46/60*J46 -> 6.4117153 | L46: =H46+K46 -> 13.199932 | M46: =L46*CBA_1!$D$79 -> -1.3175553 | N46: =LN(E46/$E$51)-M46 -> 1.9198639 | O46: =N46+M46 -> 0.60230862 | P46: =EXP(O46) -> 1.8263302 | Q46: =P46/$P$53 -> 0.43352116 | R46: =IF(Q46=E46,"T","F") -> T | T46: 0 | U46: =T46/$T$53 -> 0 | V46: =U46-Q46 -> -0.43352116 | W46: =V46*$U$42 -> -4466804.6 | X46: =W46*F46 -> -96136830
B47: Car Passenger | C47: 15.996462 | D47: =C47/100 -> 0.15996462 | E47: =D47*(1-($C$51/100)) -> 0.12199336 | F47: 26.644666 | G47: =CBA_1!$D$87 -> 0 | H47: =F47*G47 -> 0 | I47: 42.475735 | J47: =CBA_1!$E$87 -> 10.157802 | K47: =I47/60*J47 -> 7.1910015 | L47: =H47+K47 -> 7.1910015 | M47: =L47*CBA_1!$D$79 -> -0.717772 | N47: =LN(E47/$E$51)-M47 -> 0.052106659 | O47: =N47+M47 -> -0.66566534 | P47: =EXP(O47) -> 0.51393148 | Q47: =P47/$P$53 -> 0.12199336 | R47: =IF(Q47=E47,"T","F") -> T | T47: =P47 -> 0.51393148 | U47: =T47/$T$53 -> 0.21535379 | V47: =U47-Q47 -> 0.093360425 | W47: =V47*$U$42 -> 961943.3 | X47: =W47*F47 -> 25630658
B48: Public Transport | C48: 12.967108 | D48: =C48/100 -> 0.12967108 | E48: =D48*(1-($C$51/100)) -> 0.098890692 | F48: 16.553701 | G48: =CBA_1!$D$88 -> 0.13914849 | H48: =F48*G48 -> 2.3034226 | I48: 59.362745 | J48: =CBA_1!$E$88 -> 10.157802 | K48: =I48/60*J48 -> 10.049916 | L48: =H48+K48 -> 12.353339 | M48: =L48*CBA_1!$D$79 -> -1.2330523 | N48: =LN(E48/$E$51)-M48 -> 0.35743542 | O48: =N48+M48 -> -0.87561688 | P48: =EXP(O48) -> 0.41660495 | Q48: =P48/$P$53 -> 0.098890692 | R48: =IF(Q48=E48,"T","F") -> T | T48: =P48 -> 0.41660495 | U48: =T48/$T$53 -> 0.17457085 | V48: =U48-Q48 -> 0.075680158 | W48: =V48*$U$42 -> 779773.88 | X48: =W48*F48 -> 12908144
B49: Taxi | C49: 0.44616336 | D49: =C49/100 -> 0.0044616336 | E49: =D49*(1-($C$51/100)) -> 0.003402563 | F49: 16.078766 | G49: =CBA_1!$D$89 -> 2.5 | H49: =F49*G49 -> 40.196916 | I49: 41.450185 | J49: =CBA_1!$E$89 -> 10.157802 | K49: =I49/60*J49 -> 7.0173792 | L49: =H49+K49 -> 47.214295 | M49: =L49*CBA_1!$D$79 -> -4.7127092 | N49: =LN(E49/$E$51)-M49 -> 0.4676062 | O49: =N49+M49 -> -4.245103 | P49: =EXP(O49) -> 0.014334257 | Q49: =P49/$P$53 -> 0.003402563 | R49: =IF(Q49=E49,"T","F") -> T | T49: =P49 -> 0.014334257 | U49: =T49/$T$53 -> 0.0060065139 | V49: =U49-Q49 -> 0.0026039509 | W49: =V49*$U$42 -> 26829.924 | X49: =W49*F49 -> 431392.08
B50: Long-dist. PT | C50: 1.4548292 | D50: =C50/100 -> 0.014548292 | E50: =D50*(1-($C$51/100)) -> 0.011094923 | F50: 175.4861 | G50: =CBA_1!$D$90 -> 0.13254387 | H50: =F50*G50 -> 23.259606 | I50: 169.08122 | J50: =CBA_1!$E$90 -> 10.157802 | K50: =I50/60*J50 -> 28.624891 | L50: =H50+K50 -> 51.884496 | M50: =L50*CBA_1!$D$79 -> -5.1788668 | N50: =LN(E50/$E$51)-M50 -> 2.1157224 | O50: =N50+M50 -> -3.0631444 | P50: =EXP(O50) -> 0.046740492 | Q50: =P50/$P$53 -> 0.011094923 | R50: =IF(Q50=E50,"T","F") -> T | T50: =P50 -> 0.046740492 | U50: =T50/$T$53 -> 0.019585767 | V50: =U50-Q50 -> 0.0084908445 | W50: =V50*$U$42 -> 87485.795 | X50: =W50*F50 -> 15352541
B51: immobile | C51: 23.737282 | D51: =C51/100 -> 0.23737282 | E51: =C51/100 -> 0.23737282 | F51: 0 | G51: =CBA_1!$D$91 -> 0 | H51: 0 | I51: 0 | J51: =CBA_1!$E$91 -> 0 | K51: 0 | L51: 0 | M51: =L51*CBA_1!$D$79 -> 0 | N51: =LN(E51/$E$51)-M51 -> 0 | O51: =N51+M51 -> 0 | P51: =EXP(O51) -> 1 | Q51: =P51/$P$53 -> 0.23737282 | R51: =IF(Q51=E51,"T","F") -> T | T51: =P51 -> 1 | U51: =T51/$T$53 -> 0.41903211 | V51: =U51-Q51 -> 0.18165929 | W51: =V51*$U$42 -> 1871734.6 | X51: =W51*F51 -> 0
P53: =SUM(P44:P51) -> 4.2127822 | T53: =SUM(T44:T51) -> 2.386452
T54: CS LOSS | U54: =(1/ABS(CBA_1!$D$79))*(LN(T53)-LN(P53))*U42 -> -58664998
T57: revoked mileage | U57: =C58*CBA_1!$K$15 -> 7856892.7
B58: share of revoked km | C58: =4.21764803626365/100 -> 0.04217648 | T58: revoked car trips | U58: =U57/F63 -> 2976922.4
B59: Rural <= 5km | T59: CO | U59: =U58/E63 -> 11006921
B60: trip mode
B61: Walk | C61: 43.937361 | D61: =C61/100 -> 0.43937361 | E61: =D61*(1-($C$68/100)) -> 0.32645397 | F61: 1.6085432 | G61: =CBA_1!$D$84 -> 0 | H61: =F61*G61 -> 0 | I61: 30.5563 | J61: =CBA_1!$E$84 -> 14.728812 | K61: =I61/60*J61 -> 7.5009666 | L61: =H61+K61 -> 7.5009666 | M61: =L61*CBA_1!$D$79 -> -0.74871127 | N61: =LN(E61/$E$68)-M61 -> 0.98791868 | O61: =N61+M61 -> 0.23920741 | P61: =EXP(O61) -> 1.270242 | Q61: =P61/$P$70 -> 0.32645397 | R61: =IF(Q61=E61,"T","F") -> T | T61: =P61 -> 1.270242 | U61: =T61/$T$70 -> 0.44747867 | V61: =U61-Q61 -> 0.1210247 | W61: =V61*$U$59 -> 1332109.3 | X61: =W61*F61 -> 2142755.3
B62: Bike | C62: 10.731617 | D62: =C62/100 -> 0.10731617 | E62: =D62*(1-($C$68/100)) -> 0.07973576 | F62: 1.9790203 | G62: =CBA_1!$D$85 -> 0 | H62: =F62*G62 -> 0 | I62: 17.416875 | J62: =CBA_1!$E$85 -> 14.728812 | K62: =I62/60*J62 -> 4.275498 | L62: =H62+K62 -> 4.275498 | M62: =L62*CBA_1!$D$79 -> -0.42676013 | N62: =LN(E62/$E$68)-M62 -> -0.74360326 | O62: =N62+M62 -> -1.1703634 | P62: =EXP(O62) -> 0.31025418 | Q62: =P62/$P$70 -> 0.07973576 | R62: =IF(Q62=E62,"T","F") -> T | T62: =P62 -> 0.31025418 | U62: =T62/$T$70 -> 0.10929581 | V62: =U62-Q62 -> 0.029560051 | W62: =V62*$U$59 -> 325365.15 | X62: =W62*F62 -> 643904.24
B63: Car Driver | C63: 36.40103 | D63: =C63/100 -> 0.3640103 | E63: =D63*(1-($C$68/100)) -> 0.27045914 | F63: 2.6392669 | G63: =CBA_1!$D$86 -> 0.31540086 | H63: =F63*G63 -> 0.83242704 | I63: 14.668659 | J63: =CBA_1!$E$86 -> 10.157802 | K63: =I63/60*J63 -> 2.4833554 | L63: =H63+K63 -> 3.3157824 | M63: =L63*CBA_1!$D$79 -> -0.33096583 | N63: =LN(E63/$E$68)-M63 -> 0.3820053 | O63: =N63+M63 -> 0.051039469 | P63: =EXP(O63) -> 1.0523644 | Q63: =P63/$P$70 -> 0.27045914 | R63: =IF(Q63=E63,"T","F") -> T | T63: 0 | U63: =T63/$T$70 -> 0 | V63: =U63-Q63 -> -0.27045914 | W63: =V63*$U$59 -> -2976922.4 | X63: =W63*F63 -> -7856892.7
B64: Car Passenger | C64: 7.3137463 | D64: =C64/100 -> 0.073137463 | E64: =D64*(1-($C$68/100)) -> 0.054341032 | F64: 2.7358452 | G64: =CBA_1!$D$87 -> 0 | H64: =F64*G64 -> 0 | I64: 14.384034 | J64: =CBA_1!$E$87 -> 10.157802 | K64: =I64/60*J64 -> 2.4351694 | L64: =H64+K64 -> 2.4351694 | M64: =L64*CBA_1!$D$79 -> -0.24306717 | N64: =LN(E64/$E$68)-M64 -> -1.3107348 | O64: =N64+M64 -> -1.553802 | P64: =EXP(O64) -> 0.21144255 | Q64: =P64/$P$70 -> 0.054341032 | R64: =IF(Q64=E64,"T","F") -> T | T64: =P64 -> 0.21144255 | U64: =T64/$T$70 -> 0.074486619 | V64: =U64-Q64 -> 0.020145587 | W64: =V64*$U$59 -> 221740.88 | X64: =W64*F64 -> 606648.74
B65: Public Transport | C65: 1.2446882 | D65: =C65/100 -> 0.012446882 | E65: =D65*(1-($C$68/100)) -> 0.0092480158 | F65: 2.7589603 | G65: =CBA_1!$D$88 -> 0.13914849 | H65: =F65*G65 -> 0.38390518 | I65: 33.693223 | J65: =CBA_1!$E$88 -> 10.157802 | K65: =I65/60*J65 -> 5.7041511 | L65: =H65+K65 -> 6.0880563 | M65: =L65*CBA_1!$D$79 -> -0.60768119 | N65: =LN(E65/$E$68)-M65 -> -2.7169913 | O65: =N65+M65 -> -3.3246725 | P65: =EXP(O65) -> 0.0359843 | Q65: =P65/$P$70 -> 0.0092480158 | R65: =IF(Q65=E65,"T","F") -> T | T65: =P65 -> 0.0359843 | U65: =T65/$T$70 -> 0.012676488 | V65: =U65-Q65 -> 0.003428472 | W65: =V65*$U$59 -> 37736.92 | X65: =W65*F65 -> 104114.67
B66: Taxi | C66: 0.31908713 | D66: =C66/100 -> 0.0031908713 | E66: =D66*(1-($C$68/100)) -> 0.0023708129 | F66: 2.2075733 | G66: =CBA_1!$D$89 -> 2.5 | H66: =F66*G66 -> 5.5189332 | I66: 18.693622 | J66: =CBA_1!$E$89 -> 10.157802 | K66: =I66/60*J66 -> 3.1647684 | L66: =H66+K66 -> 8.6837015 | M66: =L66*CBA_1!$D$79 -> -0.86676631 | N66: =LN(E66/$E$68)-M66 -> -3.8190824 | O66: =N66+M66 -> -4.6858487 | P66: =EXP(O66) -> 0.0092249023 | Q66: =P66/$P$70 -> 0.0023708129 | R66: =IF(Q66=E66,"T","F") -> F | T66: =P66 -> 0.0092249023 | U66: =T66/$T$70 -> 0.0032497328 | V66: =U66-Q66 -> 0.00087891993 | W66: =V66*$U$59 -> 9674.2023 | X66: =W66*F66 -> 21356.511
B67: Long-dist. PT | C67: 0.052470909 | D67: =C67/100 -> 0.00052470909 | E67: =D67*(1-($C$68/100)) -> 0.00038985811 | F67: 2.3665716 | G67: =CBA_1!$D$90 -> 0.13254387 | H67: =F67*G67 -> 0.31367455 | I67: 41.584052 | J67: =CBA_1!$E$90 -> 10.157802 | K67: =I67/60*J67 -> 7.0400424 | L67: =H67+K67 -> 7.3537169 | M67: =L67*CBA_1!$D$79 -> -0.73401349 | N67: =LN(E67/$E$68)-M67 -> -5.7570405 | O67: =N67+M67 -> -6.491054 | P67: =EXP(O67) -> 0.0015169493 | Q67: =P67/$P$70 -> 0.00038985811 | R67: =IF(Q67=E67,"T","F") -> F | T67: =P67 -> 0.0015169493 | U67: =T67/$T$70 -> 0.00053438832 | V67: =U67-Q67 -> 0.0001445302 | W67: =V67*$U$59 -> 1590.8326 | X67: =W67*F67 -> 3764.8192
B68: immobile | C68: 25.700141 | D68: =C68/100 -> 0.25700141 | E68: =C68/100 -> 0.25700141 | F68: 0 | G68: =CBA_1!$D$91 -> 0 | H68: 0 | I68: 0 | J68: =CBA_1!$E$91 -> 0 | K68: 0 | L68: 0 | M68: =L68*CBA_1!$D$79 -> 0 | N68: =LN(E68/$E$68)-M68 -> 0 | O68: =N68+M68 -> 0 | P68: =EXP(O68) -> 1 | Q68: =P68/$P$70 -> 0.25700141 | R68: =IF(Q68=E68,"T","F") -> T | T68: =P68 -> 1 | U68: =T68/$T$70 -> 0.35227829 | V68: =U68-Q68 -> 0.095276883 | W68: =V68*$U$59 -> 1048705.1 | X68: =W68*F68 -> 0
P70: =SUM(P61:P68) -> 3.8910293 | T70: =SUM(T61:T68) -> 2.8386649
T71: CS LOSS | U71: =(1/ABS(CBA_1!$D$79))*(LN(T70)-LN(P70))*U59 -> -34773439
T74: revoked mileage | U74: =C75*CBA_1!$K$15 -> 71075217
B75: share of revoked km | C75: =38.1537921205349/100 -> 0.38153792 | T75: revoked car trips | U75: =U74/F80 -> 3447757.6
B76: Rural > 5km | T76: CO | U76: =U75/E80 -> 7195728.6
B77: trip mode
B78: Walk | C78: 5.6946912 | D78: =C78/100 -> 0.056946912 | E78: =D78*(1-($C$85/100)) -> 0.042311475 | F78: 8.9798391 | G78: =CBA_1!$D$84 -> 0 | H78: =F78*G78 -> 0 | I78: 105.29183 | J78: =CBA_1!$E$84 -> 14.728812 | K78: =I78/60*J78 -> 25.84706 | L78: =H78+K78 -> 25.84706 | M78: =L78*CBA_1!$D$79 -> -2.5799322 | N78: =LN(E78/$E$85)-M78 -> 0.77590897 | O78: =N78+M78 -> -1.8040232 | P78: =EXP(O78) -> 0.16463519 | Q78: =P78/$P$87 -> 0.042311475 | R78: =IF(Q78=E78,"T","F") -> T | T78: =P78 -> 0.16463519 | U78: =T78/$T$87 -> 0.081233791 | V78: =U78-Q78 -> 0.038922315 | W78: =V78*$U$76 -> 280074.42 | X78: =W78*F78 -> 2515023.2
B79: Bike | C79: 6.6868578 | D79: =C79/100 -> 0.066868578 | E79: =D79*(1-($C$85/100)) -> 0.049683259 | F79: 14.642487 | G79: =CBA_1!$D$85 -> 0 | H79: =F79*G79 -> 0 | I79: 76.72398 | J79: =CBA_1!$E$85 -> 14.728812 | K79: =I79/60*J79 -> 18.834218 | L79: =H79+K79 -> 18.834218 | M79: =L79*CBA_1!$D$79 -> -1.8799432 | N79: =LN(E79/$E$85)-M79 -> 0.23652969 | O79: =N79+M79 -> -1.6434135 | P79: =EXP(O79) -> 0.19331902 | Q79: =P79/$P$87 -> 0.049683259 | R79: =IF(Q79=E79,"T","F") -> T | T79: =P79 -> 0.19331902 | U79: =T79/$T$87 -> 0.095386877 | V79: =U79-Q79 -> 0.045703618 | W79: =V79*$U$76 -> 328870.83 | X79: =W79*F79 -> 4815486.7
B80: Car Driver | C80: 64.487265 | D80: =C80/100 -> 0.64487265 | E80: =D80*(1-($C$85/100)) -> 0.47913947 | F80: 20.614911 | G80: =CBA_1!$D$86 -> 0.31540086 | H80: =F80*G80 -> 6.5019608 | I80: 35.395428 | J80: =CBA_1!$E$86 -> 10.157802 | K80: =I80/60*J80 -> 5.9923289 | L80: =H80+K80 -> 12.49429 | M80: =L80*CBA_1!$D$79 -> -1.2471213 | N80: =LN(E80/$E$85)-M80 -> 1.8700315 | O80: =N80+M80 -> 0.62291016 | P80: =EXP(O80) -> 1.8643457 | Q80: =P80/$P$87 -> 0.47913947 | R80: =IF(Q80=E80,"T","F") -> T | T80: 0 | U80: =T80/$T$87 -> 0 | V80: =U80-Q80 -> -0.47913947 | W80: =V80*$U$76 -> -3447757.6 | X80: =W80*F80 -> -71075217
B81: Car Passenger | C81: 17.762514 | D81: =C81/100 -> 0.17762514 | E81: =D81*(1-($C$85/100)) -> 0.13197523 | F81: 26.995622 | G81: =CBA_1!$D$87 -> 0 | H81: =F81*G81 -> 0 | I81: 40.506506 | J81: =CBA_1!$E$87 -> 10.157802 | K81: =I81/60*J81 -> 6.8576174 | L81: =H81+K81 -> 6.8576174 | M81: =L81*CBA_1!$D$79 -> -0.68449517 | N81: =LN(E81/$E$85)-M81 -> 0.018027846 | O81: =N81+M81 -> -0.66646732 | P81: =EXP(O81) -> 0.51351948 | Q81: =P81/$P$87 -> 0.13197523 | R81: =IF(Q81=E81,"T","F") -> T | T81: =P81 -> 0.51351948 | U81: =T81/$T$87 -> 0.25337921 | V81: =U81-Q81 -> 0.12140398 | W81: =V81*$U$76 -> 873590.08 | X81: =W81*F81 -> 23583107
B82: Public Transport | C82: 2.8996749 | D82: =C82/100 -> 0.028996749 | E82: =D82*(1-($C$85/100)) -> 0.021544543 | F82: 27.548325 | G82: =CBA_1!$D$88 -> 0.13914849 | H82: =F82*G82 -> 3.8333079 | I82: 73.106374 | J82: =CBA_1!$E$88 -> 10.157802 | K82: =I82/60*J82 -> 12.376667 | L82: =H82+K82 -> 16.209975 | M82: =L82*CBA_1!$D$79 -> -1.6180036 | N82: =LN(E82/$E$85)-M82 -> -0.86095537 | O82: =N82+M82 -> -2.478959 | P82: =EXP(O82) -> 0.083830449 | Q82: =P82/$P$87 -> 0.021544543 | R82: =IF(Q82=E82,"T","F") -> T | T82: =P82 -> 0.083830449 | U82: =T82/$T$87 -> 0.041363363 | V82: =U82-Q82 -> 0.01981882 | W82: =V82*$U$76 -> 142610.85 | X82: =W82*F82 -> 3928690
B83: Taxi | C83: 0.3544129 | D83: =C83/100 -> 0.003544129 | E83: =D83*(1-($C$85/100)) -> 0.0026332828 | F83: 18.319861 | G83: =CBA_1!$D$89 -> 2.5 | H83: =F83*G83 -> 45.799652 | I83: 34.770369 | J83: =CBA_1!$E$89 -> 10.157802 | K83: =I83/60*J83 -> 5.8865084 | L83: =H83+K83 -> 51.686161 | M83: =L83*CBA_1!$D$79 -> -5.1590699 | N83: =LN(E83/$E$85)-M83 -> 0.57821959 | O83: =N83+M83 -> -4.5808503 | P83: =EXP(O83) -> 0.010246181 | Q83: =P83/$P$87 -> 0.0026332828 | R83: =IF(Q83=E83,"T","F") -> T | T83: =P83 -> 0.010246181 | U83: =T83/$T$87 -> 0.005055639 | V83: =U83-Q83 -> 0.0024223562 | W83: =V83*$U$76 -> 17430.618 | X83: =W83*F83 -> 319326.49
B84: Long-dist. PT | C84: 2.1145847 | D84: =C84/100 -> 0.021145847 | E84: =D84*(1-($C$85/100)) -> 0.015711335 | F84: 120.33527 | G84: =CBA_1!$D$90 -> 0.13254387 | H84: =F84*G84 -> 15.949702 | I84: 113.37587 | J84: =CBA_1!$E$90 -> 10.157802 | K84: =I84/60*J84 -> 19.194159 | L84: =H84+K84 -> 35.143862 | M84: =L84*CBA_1!$D$79 -> -3.5078952 | N84: =LN(E84/$E$85)-M84 -> 0.71319609 | O84: =N84+M84 -> -2.7946991 | P84: =EXP(O84) -> 0.061133264 | Q84: =P84/$P$87 -> 0.015711335 | R84: =IF(Q84=E84,"T","F") -> T | T84: =P84 -> 0.061133264 | U84: =T84/$T$87 -> 0.030164188 | V84: =U84-Q84 -> 0.014452853 | W84: =V84*$U$76 -> 103998.81 | X84: =W84*F84 -> 12514725
B85: immobile | C85: 25.700141 | D85: =C85/100 -> 0.25700141 | E85: =C85/100 -> 0.25700141 | F85: 0 | G85: =CBA_1!$D$91 -> 0 | H85: 0 | I85: 0 | J85: =CBA_1!$E$91 -> 0 | K85: 0 | L85: 0 | M85: =L85*CBA_1!$D$79 -> 0 | N85: =LN(E85/$E$85)-M85 -> 0 | O85: =N85+M85 -> 0 | P85: =EXP(O85) -> 1 | Q85: =P85/$P$87 -> 0.25700141 | R85: =IF(Q85=E85,"T","F") -> T | T85: =P85 -> 1 | U85: =T85/$T$87 -> 0.49341694 | V85: =U85-Q85 -> 0.23641553 | W85: =V85*$U$76 -> 1701182 | X85: =W85*F85 -> 0
P87: =SUM(P78:P85) -> 3.8910293 | T87: =SUM(T78:T85) -> 2.0266836
T89: CS LOSS | U89: =(1/ABS(CBA_1!$D$79))*(LN(T87)-LN(P87))*U76 -> -47022641
B93: $n$ | C93: $P_{ng\theta}^0$ | D93: $D_{ng\theta}$ [km] | E93: $T_{ng\theta}$ [h] | F93: $ASC_{ng\theta}$ | G93: $V_{ng\theta}^0$ | H93: $V_{ng\theta}^1$ | I93: $P_{ng\theta}^1$ | L93: $n$ | M93: $g$: urban | N93: $g$: urban | O93: $g$: rural | P93: $g$: rural | S93: $n$ | T93: $c_n$ [€/km] | U93: $\lambda_n$ [€/h]
B94: $g$: urban, $\theta: \leq$ 5 km | M94: $\theta: \leq$ 5 km | N94: $\theta: >$ 5 km | O94: $\theta: \leq$ 5 km | P94: $\theta: >$ 5 km | S94: $w$ | T94: 0 | U94: 14.728812
B95: $w$ | C95: 0.33975511 | D95: 1.5473435 | E95: 0.46324077 | F95: 1.0396316 | G95: 0.35859311 | H95: 0.35859311 | I95: 0.44378069 | L95: $w$ | M95: =V27*100 -> 10.402557 | N95: =V44*100 -> 3.3549943 | O95: =V61*100 -> 12.10247 | P95: =V78*100 -> 3.8922315 | S95: $b$ | T95: 0 | U95: 14.728812
B96: $b$ | C96: 0.093081715 | D96: 2.1354159 | E96: 0.27718591 | F96: -0.52864636 | G96: -0.93615424 | H96: -0.93615424 | I96: 0.1215813 | L96: $b$ | M96: =V28*100 -> 2.8499582 | N96: =V45*100 -> 3.8176553 | O96: =V62*100 -> 2.9560051 | P96: =V79*100 -> 4.5703618 | S96: $c$ | T96: 0.31540086 | U96: 10.157802
B97: $c$ | C97: 0.23440761 | D97: 2.7176895 | E97: 0.23168947 | F97: 0.30789828 | G97: -0.012570457 | H97: $-\infty$ | I97: 0 | L97: $c$ | M97: =V29*100 -> -23.440761 | N97: =V46*100 -> -43.352116 | O97: =V63*100 -> -27.045914 | P97: =V80*100 -> -47.913947 | S97: $cp$ | T97: 0 | U97: 10.157802
B98: $cp$ | C98: 0.050910525 | D98: 2.7764961 | E98: 0.25844704 | F98: -1.2775218 | G98: -1.5395623 | H98: -1.5395623 | I98: 0.066498212 | L98: $cp$ | M98: =V30*100 -> 1.5587687 | N98: =V47*100 -> 9.3360425 | O98: =V64*100 -> 2.0145587 | P98: =V81*100 -> 12.140398 | S98: $pt$ | T98: 0.13914849 | U98: 10.157802
B99: $pt$ | C99: 0.041487954 | D99: 2.7896261 | E99: 0.51659318 | F99: -1.1817074 | G99: -1.7442289 | H99: -1.7442289 | I99: 0.054190656 | L99: $pt$ | M99: =V31*100 -> 1.2702702 | N99: =V48*100 -> 7.5680158 | O99: =V65*100 -> 0.3428472 | P99: =V82*100 -> 1.981882 | S99: $tx$ | T99: 2.5 | U99: 10.157802
B100: $tx$ | C100: 0.0019042103 | D100: 2.2241896 | E100: 0.30500011 | F100: -3.9613033 | G100: -4.8255646 | H100: -4.8255646 | I100: 0.0024872378 | L100: $tx$ | M100: =V32*100 -> 0.058302748 | N100: =V49*100 -> 0.26039509 | O100: =V66*100 -> 0.087891993 | P100: =V83*100 -> 0.24223562 | S100: $lpt$ | T100: 0.13254387 | U100: 10.157802
B101: $lpt$ | C101: 0.0010800459 | D101: 2.6411829 | E101: 0.70285208 | F101: -4.6450613 | G101: -5.3926285 | H101: -5.3926285 | I101: 0.0014107323 | L101: $lpt$ | M101: =V33*100 -> 0.033068639 | N101: =V50*100 -> 0.84908445 | O101: =V67*100 -> 0.01445302 | P101: =V84*100 -> 1.4452853 | S101: $im$ | T101: 0 | U101: 0
B102: $im$ | C102: 0.23737282 | D102: 0 | E102: 0 | F102: 0 | G102: 0 | H102: 0 | I102: 0.31005118 | L102: $im$ | M102: =V34*100 -> 7.2678357 | N102: =V51*100 -> 18.165929 | O102: =V68*100 -> 9.5276883 | P102: =V85*100 -> 23.641553
B103: $g$: urban, $\theta: >$ 5 km
B104: $w$ | C104: 0.043839458 | D104: 8.2097283 | E104: 1.7462708 | F104: 0.8782013 | G104: -1.6890977 | H104: -1.6890977 | I104: 0.077389402
B105: $b$ | C105: 0.049885014 | D105: 14.411069 | E105: 1.1801678 | F105: 0.17512517 | G105: -1.5599114 | H105: -1.5599114 | I105: 0.088061567
B106: $c$ | C106: 0.43352116 | D106: 21.522506 | E106: 0.63121093 | F106: 1.9198639 | G106: 0.60230862 | H106: $-\infty$ | I106: 0
B107: $cp$ | C107: 0.12199336 | D107: 26.644666 | E107: 0.70792892 | F107: 0.052106659 | G107: -0.66566534 | H107: -0.66566534 | I107: 0.21535379
B108: $pt$ | C108: 0.098890692 | D108: 16.553701 | E108: 0.98937909 | F108: 0.35743542 | G108: -0.87561688 | H108: -0.87561688 | I108: 0.17457085
B109: $tx$ | C109: 0.003402563 | D109: 16.078766 | E109: 0.69083641 | F109: 0.4676062 | G109: -4.245103 | H109: -4.245103 | I109: 0.0060065139
B110: $lpt$ | C110: 0.011094923 | D110: 175.4861 | E110: 2.8180203 | F110: 2.1157224 | G110: -3.0631444 | H110: -3.0631444 | I110: 0.019585767
B111: $im$ | C111: 0.23737282 | D111: 0 | E111: 0 | F111: 0 | G111: 0 | H111: 0 | I111: 0.41903211
B112: $g$: rural, $\theta: \leq$ 5 km
B113: $w$ | C113: 0.32645397 | D113: 1.6085432 | E113: 0.50927166 | F113: 0.98791868 | G113: 0.23920741 | H113: 0.23920741 | I113: 0.44747867
B114: $b$ | C114: 0.07973576 | D114: 1.9790203 | E114: 0.29028125 | F114: -0.74360326 | G114: -1.1703634 | H114: -1.1703634 | I114: 0.10929581
B115: $c$ | C115: 0.27045914 | D115: 2.6392669 | E115: 0.24447765 | F115: 0.3820053 | G115: 0.051039469 | H115: $-\infty$ | I115: 0
B116: $cp$ | C116: 0.054341032 | D116: 2.7358452 | E116: 0.2397339 | F116: -1.3107348 | G116: -1.553802 | H116: -1.553802 | I116: 0.074486619
B117: $pt$ | C117: 0.0092480158 | D117: 2.7589603 | E117: 0.56155371 | F117: -2.7169913 | G117: -3.3246725 | H117: -3.3246725 | I117: 0.012676488
B118: $tx$ | C118: 0.0023708129 | D118: 2.2075733 | E118: 0.31156037 | F118: -3.8190824 | G118: -4.6858487 | H118: -4.6858487 | I118: 0.0032497328
...

Sheet CBA_3
A1: Back to content overview
B3: DISCOUNTING
B5: Lifeexpectancy at screening threshold
B6: i | C6: Gender | D6: Lifeexpectancy | E6: Population | F6: T_i
B7: 65 | C7: male | D7: 17.71 | E7: 566841 | F7: =(D7*E7+D8*E8)/(E7+E8) -> 19.358661
B8: 65 | C8: female | D8: 20.91 | E8: 602401
B9: 70 | C9: male | D9: 14.18 | E9: 445925 | F9: =(D9*E9+D10*E10)/(E9+E10) -> 15.60101
B10: 70 | C10: female | D10: 16.86 | E10: 503311
B11: 75 | C11: male | D11: 10.94 | E11: 363449 | F11: =(D11*E11+D12*E12)/(E11+E12) -> 12.088316
B12: 75 | C12: female | D12: 13.05 | E12: 433983
B13: 80 | C13: male | D13: 8 | E13: 263460 | F13: =(D13*E13+D14*E14)/(E13+E14) -> 8.8887214
B14: 80 | C14: female | D14: 9.57 | E14: 343681
B15: 85 | C15: male | D15: 5.47 | E15: 229099 | F15: =(D15*E15+D16*E16)/(E15+E16) -> 6.1133985
B16: 85 | C16: female | D16: 6.53 | E16: 353820
B17: 90 | C17: male | D17: 3.55 | E17: 77684 | F17: =(D17*E17+D18*E18)/(E17+E18) -> 3.9902565
B18: 90 | C18: female | D18: 4.21 | E18: 155640
B19: 95 | C19: male | D19: 2.37 | E19: 15130 | F19: =(D19*E19+D20*E20)/(E19+E20) -> 2.6516507
B20: 95 | C20: female | D20: 2.75 | E20: 43329
B22: Distance driven at screening threshold
B23: i | C23: M_i
B24: 65 | C24: =CBA_1!G8 -> 6717.451
B25: 70 | C25: =CBA_1!G9 -> 5979.512
B26: 75 | C26: =CBA_1!G10 -> 3945.044
B27: 80 | C27: =CBA_1!G11 -> 3295.127
B28: 85 | C28: =CBA_1!G12 -> 1448.397
B29: 90 | C29: =CBA_1!G13 -> 1448.397
B30: 95 | C30: =CBA_1!G14 -> 1448.397
B32: s | C32: =CBA_1!C166 -> 0.017
B34: Age-distribution of revoked drivers
B35: i
B36: 65 | C36: =CBA_1!J8/CBA_1!$J$15 -> 0.060277384
B37: 70 | C37: =CBA_1!J9/CBA_1!$J$15 -> 0.19772058
B38: 75 | C38: =CBA_1!J10/CBA_1!$J$15 -> 0.28058093
B39: 80 | C39: =CBA_1!J11/CBA_1!$J$15 -> 0.20452054
B40: 85 | C40: =CBA_1!J12/CBA_1!$J$15 -> 0.16199874
B41: 90 | C41: =CBA_1!J13/CBA_1!$J$15 -> 0.075888148
B42: 95 | C42: =CBA_1!J14/CBA_1!$J$15 -> 0.019013676
B44: Weighting Factors per i (mileage)
C45: 65 | H45: 70 | M45: 75 | R45: 80 | W45: 85 | AB45: 90 | AG45: 95
C46: t | D46: Age | E46: mileage 65+t | H46: t | I46: Age | J46: mileage 70+t | M46: t | N46: Age | O46: mileage 75+t | R46: t | S46: Age | T46: mileage 80+t | W46: t | X46: Age | Y46: mileage 85+t | AB46: t | AC46: Age | AD46: mileage 90+t | AG46: t | AH46: Age | AI46: mileage 95+t
C47: 1 | D47: =65+C47 -> 66 | E47: =$C$24 -> 6717.451 | H47: 1 | I47: =70+H47 -> 71 | J47: =$C$25 -> 5979.512 | M47: 1 | N47: =75+M47 -> 76 | O47: =$C$26 -> 3945.044 | R47: 1 | S47: =80+R47 -> 81 | T47: =$C$27 -> 3295.127 | W47: 1 | X47: =85+W47 -> 86 | Y47: =$C$28 -> 1448.397 | AB47: 1 | AC47: =90+AB47 -> 91 | AD47: =$C$29 -> 1448.397 | AG47: 1 | AH47: =95+AG47 -> 96 | AI47: =$C$30 -> 1448.397
C48: 2 | D48: =65+C48 -> 67 | E48: =$C$24 -> 6717.451 | H48: 2 | I48: =70+H48 -> 72 | J48: =$C$25 -> 5979.512 | M48: 2 | N48: =75+M48 -> 77 | O48: =$C$26 -> 3945.044 | R48: 2 | S48: =80+R48 -> 82 | T48: =$C$27 -> 3295.127 | W48: 2 | X48: =85+W48 -> 87 | Y48: =$C$28 -> 1448.397 | AB48: 2 | AC48: =90+AB48 -> 92 | AD48: =$C$29 -> 1448.397 | AG48: 2 | AH48: =95+AG48 -> 97 | AI48: =$C$30 -> 1448.397
C49: 3 | D49: =65+C49 -> 68 | E49: =$C$24 -> 6717.451 | H49: 3 | I49: =70+H49 -> 73 | J49: =$C$25 -> 5979.512 | M49: 3 | N49: =75+M49 -> 78 | O49: =$C$26 -> 3945.044 | R49: 3 | S49: =80+R49 -> 83 | T49: =$C$27 -> 3295.127 | W49: 3 | X49: =85+W49 -> 88 | Y49: =$C$28 -> 1448.397 | AB49: 3 | AC49: =90+AB49 -> 93 | AD49: =$C$29 -> 1448.397 | AG49: 3 | AH49: =95+AG49 -> 98 | AI49: =$C$30 -> 1448.397
C50: 4 | D50: =65+C50 -> 69 | E50: =$C$24 -> 6717.451 | H50: 4 | I50: =70+H50 -> 74 | J50: =$C$25 -> 5979.512 | M50: 4 | N50: =75+M50 -> 79 | O50: =$C$26 -> 3945.044 | R50: 4 | S50: =80+R50 -> 84 | T50: =$C$27 -> 3295.127 | W50: 4 | X50: =85+W50 -> 89 | Y50: =$C$28 -> 1448.397 | AB50: 4 | AC50: =90+AB50 -> 94 | AD50: =$C$29 -> 1448.397
C51: 5 | D51: =65+C51 -> 70 | E51: =$C$25 -> 5979.512 | H51: 5 | I51: =70+H51 -> 75 | J51: =$C$26 -> 3945.044 | M51: 5 | N51: =75+M51 -> 80 | O51: =$C$27 -> 3295.127 | R51: 5 | S51: =80+R51 -> 85 | T51: =$C$28 -> 1448.397 | W51: 5 | X51: =85+W51 -> 90 | Y51: =$C$29 -> 1448.397
C52: 6 | D52: =65+C52 -> 71 | E52: =$C$25 -> 5979.512 | H52: 6 | I52: =70+H52 -> 76 | J52: =$C$26 -> 3945.044 | M52: 6 | N52: =75+M52 -> 81 | O52: =$C$27 -> 3295.127 | R52: 6 | S52: =80+R52 -> 86 | T52: =$C$28 -> 1448.397 | W52: 6 | X52: =85+W52 -> 91 | Y52: =$C$29 -> 1448.397
C53: 7 | D53: =65+C53 -> 72 | E53: =$C$25 -> 5979.512 | H53: 7 | I53: =70+H53 -> 77 | J53: =$C$26 -> 3945.044 | M53: 7 | N53: =75+M53 -> 82 | O53: =$C$27 -> 3295.127 | R53: 7 | S53: =80+R53 -> 87 | T53: =$C$28 -> 1448.397
C54: 8 | D54: =65+C54 -> 73 | E54: =$C$25 -> 5979.512 | H54: 8 | I54: =70+H54 -> 78 | J54: =$C$26 -> 3945.044 | M54: 8 | N54: =75+M54 -> 83 | O54: =$C$27 -> 3295.127 | R54: 8 | S54: =80+R54 -> 88 | T54: =$C$28 -> 1448.397
C55: 9 | D55: =65+C55 -> 74 | E55: =$C$25 -> 5979.512 | H55: 9 | I55: =70+H55 -> 79 | J55: =$C$26 -> 3945.044 | M55: 9 | N55: =75+M55 -> 84 | O55: =$C$27 -> 3295.127 | R55: 9 | S55: =80+R55 -> 89 | T55: =$C$28 -> 1448.397
C56: 10 | D56: =65+C56 -> 75 | E56: =$C$26 -> 3945.044 | H56: 10 | I56: =70+H56 -> 80 | J56: =$C$27 -> 3295.127 | M56: 10 | N56: =75+M56 -> 85 | O56: =$C$28 -> 1448.397
C57: 11 | D57: =65+C57 -> 76 | E57: =$C$26 -> 3945.044 | H57: 11 | I57: =70+H57 -> 81 | J57: =$C$27 -> 3295.127 | M57: 11 | N57: =75+M57 -> 86 | O57: =$C$28 -> 1448.397
C58: 12 | D58: =65+C58 -> 77 | E58: =$C$26 -> 3945.044 | H58: 12 | I58: =70+H58 -> 82 | J58: =$C$27 -> 3295.127 | M58: 12 | N58: =75+M58 -> 87 | O58: =$C$28 -> 1448.397
C59: 13 | D59: =65+C59 -> 78 | E59: =$C$26 -> 3945.044 | H59: 13 | I59: =70+H59 -> 83 | J59: =$C$27 -> 3295.127
C60: 14 | D60: =65+C60 -> 79 | E60: =$C$26 -> 3945.044 | H60: 14 | I60: =70+H60 -> 84 | J60: =$C$27 -> 3295.127
C61: 15 | D61: =65+C61 -> 80 | E61: =$C$27 -> 3295.127 | H61: 15 | I61: =70+H61 -> 85 | J61: =$C$28 -> 1448.397
C62: 16 | D62: =65+C62 -> 81 | E62: =$C$27 -> 3295.127 | H62: 16 | I62: =70+H62 -> 86 | J62: =$C$28 -> 1448.397
C63: 17 | D63: =65+C63 -> 82 | E63: =$C$27 -> 3295.127
C64: 18 | D64: =65+C64 -> 83 | E64: =$C$27 -> 3295.127
C65: 19 | D65: =65+C65 -> 84 | E65: =$C$27 -> 3295.127
B67: Multiplier per threshold (mileage dependent) | C67: {=SUMPRODUCT(E47:E65/E47,(1 / (1 + $C$32) ^ C47:C65))} -> 12.033474 | H67: {=SUMPRODUCT(J47:J65/J47,(1 / (1 + $C$32) ^ H47:H65))} -> 9.3925274 | M67: {=SUMPRODUCT(O47:O65/O47,(1 / (1 + $C$32) ^ M47:M65))} -> 8.4632157 | R67: {=SUMPRODUCT(T47:T65/T47,(1 / (1 + $C$32) ^ R47:R65))} -> 5.789332 | W67: {=SUMPRODUCT(Y47:Y65/Y47,(1 / (1 + $C$32) ^ W47:W65))} -> 5.6585854 | AB67: {=SUMPRODUCT(AD47:AD65/AD47,(1 / (1 + $C$32) ^ AB47:AB65))} -> 3.8356126 | AG67: {=SUMPRODUCT(AI47:AI65/AI47,(1 / (1 + $C$32) ^ AG47:AG65))} -> 2.900818
B69: W_M
C70: =C36*C67+C37*H67+C38*M67+C39*R67+C40*W67+C41*AB67+C42*AG67 -> 7.404013
B76: Weighting factors per i (licenses)
C77: 65 | G77: 70 | K77: 75 | O77: 80 | S77: 85 | W77: 90 | AA77: 95
C78: t | D78: Age | G78: t | H78: Age | K78: t | L78: Age | O78: t | P78: Age | S78: t | T78: Age | W78: t | X78: Age | AA78: t | AB78: Age
C79: 1 | D79: =65+C79 -> 66 | E79: =1/((1+$C$32)^C79) -> 0.98328417 | G79: 1 | H79: =70+G79 -> 71 | I79: =1/((1+$C$32)^G79) -> 0.98328417 | K79: 1 | L79: =75+K79 -> 76 | M79: =1/((1+$C$32)^K79) -> 0.98328417 | O79: 1 | P79: =80+O79 -> 81 | Q79: =1/((1+$C$32)^O79) -> 0.98328417 | S79: 1 | T79: =85+S79 -> 86 | U79: =1/((1+$C$32)^S79) -> 0.98328417 | W79: 1 | X79: =90+W79 -> 91 | Y79: =1/((1+$C$32)^W79) -> 0.98328417 | AA79: 1 | AB79: =95+AA79 -> 96 | AC79: =1/((1+$C$32)^AA79) -> 0.98328417
C80: 2 | D80: =65+C80 -> 67 | E80: =1/((1+$C$32)^C80) -> 0.96684776 | G80: 2 | H80: =70+G80 -> 72 | I80: =1/((1+$C$32)^G80) -> 0.96684776 | K80: 2 | L80: =75+K80 -> 77 | M80: =1/((1+$C$32)^K80) -> 0.96684776 | O80: 2 | P80: =80+O80 -> 82 | Q80: =1/((1+$C$32)^O80) -> 0.96684776 | S80: 2 | T80: =85+S80 -> 87 | U80: =1/((1+$C$32)^S80) -> 0.96684776 | W80: 2 | X80: =90+W80 -> 92 | Y80: =1/((1+$C$32)^W80) -> 0.96684776 | AA80: 2 | AB80: =95+AA80 -> 97 | AC80: =1/((1+$C$32)^AA80) -> 0.96684776
C81: 3 | D81: =65+C81 -> 68 | E81: =1/((1+$C$32)^C81) -> 0.95068609 | G81: 3 | H81: =70+G81 -> 73 | I81: =1/((1+$C$32)^G81) -> 0.95068609 | K81: 3 | L81: =75+K81 -> 78 | M81: =1/((1+$C$32)^K81) -> 0.95068609 | O81: 3 | P81: =80+O81 -> 83 | Q81: =1/((1+$C$32)^O81) -> 0.95068609 | S81: 3 | T81: =85+S81 -> 88 | U81: =1/((1+$C$32)^S81) -> 0.95068609 | W81: 3 | X81: =90+W81 -> 93 | Y81: =1/((1+$C$32)^W81) -> 0.95068609 | AA81: 3 | AB81: =95+AA81 -> 98 | AC81: =1/((1+$C$32)^AA81) -> 0.95068609
C82: 4 | D82: =65+C82 -> 69 | E82: =1/((1+$C$32)^C82) -> 0.93479459 | G82: 4 | H82: =70+G82 -> 74 | I82: =1/((1+$C$32)^G82) -> 0.93479459 | K82: 4 | L82: =75+K82 -> 79 | M82: =1/((1+$C$32)^K82) -> 0.93479459 | O82: 4 | P82: =80+O82 -> 84 | Q82: =1/((1+$C$32)^O82) -> 0.93479459 | S82: 4 | T82: =85+S82 -> 89 | U82: =1/((1+$C$32)^S82) -> 0.93479459 | W82: 4 | X82: =90+W82 -> 94 | Y82: =1/((1+$C$32)^W82) -> 0.93479459
C83: 5 | D83: =65+C83 -> 70 | E83: =1/((1+$C$32)^C83) -> 0.91916872 | G83: 5 | H83: =70+G83 -> 75 | I83: =1/((1+$C$32)^G83) -> 0.91916872 | K83: 5 | L83: =75+K83 -> 80 | M83: =1/((1+$C$32)^K83) -> 0.91916872 | O83: 5 | P83: =80+O83 -> 85 | Q83: =1/((1+$C$32)^O83) -> 0.91916872 | S83: 5 | T83: =85+S83 -> 90 | U83: =1/((1+$C$32)^S83) -> 0.91916872
C84: 6 | D84: =65+C84 -> 71 | E84: =1/((1+$C$32)^C84) -> 0.90380405 | G84: 6 | H84: =70+G84 -> 76 | I84: =1/((1+$C$32)^G84) -> 0.90380405 | K84: 6 | L84: =75+K84 -> 81 | M84: =1/((1+$C$32)^K84) -> 0.90380405 | O84: 6 | P84: =80+O84 -> 86 | Q84: =1/((1+$C$32)^O84) -> 0.90380405 | S84: 6 | T84: =85+S84 -> 91 | U84: =1/((1+$C$32)^S84) -> 0.90380405
C85: 7 | D85: =65+C85 -> 72 | E85: =1/((1+$C$32)^C85) -> 0.88869621 | G85: 7 | H85: =70+G85 -> 77 | I85: =1/((1+$C$32)^G85) -> 0.88869621 | K85: 7 | L85: =75+K85 -> 82 | M85: =1/((1+$C$32)^K85) -> 0.88869621 | O85: 7 | P85: =80+O85 -> 87 | Q85: =1/((1+$C$32)^O85) -> 0.88869621
C86: 8 | D86: =65+C86 -> 73 | E86: =1/((1+$C$32)^C86) -> 0.87384092 | G86: 8 | H86: =70+G86 -> 78 | I86: =1/((1+$C$32)^G86) -> 0.87384092 | K86: 8 | L86: =75+K86 -> 83 | M86: =1/((1+$C$32)^K86) -> 0.87384092 | O86: 8 | P86: =80+O86 -> 88 | Q86: =1/((1+$C$32)^O86) -> 0.87384092
C87: 9 | D87: =65+C87 -> 74 | E87: =1/((1+$C$32)^C87) -> 0.85923394 | G87: 9 | H87: =70+G87 -> 79 | I87: =1/((1+$C$32)^G87) -> 0.85923394 | K87: 9 | L87: =75+K87 -> 84 | M87: =1/((1+$C$32)^K87) -> 0.85923394 | O87: 9 | P87: =80+O87 -> 89 | Q87: =1/((1+$C$32)^O87) -> 0.85923394
C88: 10 | D88: =65+C88 -> 75 | E88: =1/((1+$C$32)^C88) -> 0.84487113 | G88: 10 | H88: =70+G88 -> 80 | I88: =1/((1+$C$32)^G88) -> 0.84487113 | K88: 10 | L88: =75+K88 -> 85 | M88: =1/((1+$C$32)^K88) -> 0.84487113
C89: 11 | D89: =65+C89 -> 76 | E89: =1/((1+$C$32)^C89) -> 0.83074841 | G89: 11 | H89: =70+G89 -> 81 | I89: =1/((1+$C$32)^G89) -> 0.83074841 | K89: 11 | L89: =75+K89 -> 86 | M89: =1/((1+$C$32)^K89) -> 0.83074841
C90: 12 | D90: =65+C90 -> 77 | E90: =1/((1+$C$32)^C90) -> 0.81686176 | G90: 12 | H90: =70+G90 -> 82 | I90: =1/((1+$C$32)^G90) -> 0.81686176 | K90: 12 | L90: =75+K90 -> 87 | M90: =1/((1+$C$32)^K90) -> 0.81686176
C91: 13 | D91: =65+C91 -> 78 | E91: =1/((1+$C$32)^C91) -> 0.80320724 | G91: 13 | H91: =70+G91 -> 83 | I91: =1/((1+$C$32)^G91) -> 0.80320724
C92: 14 | D92: =65+C92 -> 79 | E92: =1/((1+$C$32)^C92) -> 0.78978096 | G92: 14 | H92: =70+G92 -> 84 | I92: =1/((1+$C$32)^G92) -> 0.78978096
C93: 15 | D93: =65+C93 -> 80 | E93: =1/((1+$C$32)^C93) -> 0.77657911 | G93: 15 | H93: =70+G93 -> 85 | I93: =1/((1+$C$32)^G93) -> 0.77657911
C94: 16 | D94: =65+C94 -> 81 | E94: =1/((1+$C$32)^C94) -> 0.76359795 | G94: 16 | H94: =70+G94 -> 86 | I94: =1/((1+$C$32)^G94) -> 0.76359795
C95: 17 | D95: =65+C95 -> 82 | E95: =1/((1+$C$32)^C95) -> 0.75083377
C96: 18 | D96: =65+C96 -> 83 | E96: =1/((1+$C$32)^C96) -> 0.73828296
C97: 19 | D97: =65+C97 -> 84 | E97: =1/((1+$C$32)^C97) -> 0.72594195
E99: =SUM(E79:E97) -> 16.121062 | I99: =SUM(I79:I94) -> 13.906003 | M99: =SUM(M79:M90) -> 10.772838 | Q99: =SUM(Q79:Q87) -> 8.2803564 | U99: =SUM(U79:U84) -> 5.6585854 | Y99: =SUM(Y79:Y82) -> 3.8356126 | AC99: =SUM(AC79:AC81) -> 2.900818
B101: W_L
C102: =E99*C36+I99*C37+M99*C38+Q99*C39+U99*C40+Y99*C41+AC99*C42 -> 9.7003107

Sheet CBA_4
A1: Back to content overview
B3: RESULTS
B5: SOC | I5: NPV (Discounted Effects)
C6: Effect | D6: Value | E6: Unit
C7: SOC_me | D7: =CBA_1!F15*(CBA_1!D34*CBA_1!D41/2+CBA_1!D40*CBA_1!C164) -> 80630068 | E7: [€2024/year] | I7: =D7 -> 80630068
C8: SOC_ad | D8: =CBA_1!F15*(CBA_1!D44*CBA_1!D43/2+CBA_1!D44*CBA_1!D43*CBA_1!C164) -> 16500205 | E8: [€2024/year] | I8: =D8 -> 16500205
C9: SOC_ti | D9: =CBA_1!D49*CBA_1!D47*CBA_1!F15 -> 34525086 | E9: [€2024/year] | I9: =D9 -> 34525086
C10: SOC_fe | D10: =-CBA_1!F15*CBA_1!D48*CBA_1!C164 -> -22928177 | E10: [€2024/year] | I10: =D10 -> -22928177
C12: Δ SOC | D12: =SUM(D7:D10) -> 1.0872718e+08 | H12: Δ SOC | I12: =SUM(I7:I10) -> 1.0872718e+08
B14: Primary Markets
C16: SS_cs | D16: =CBA_2!AA27 -> -1.8758023e+08 | E16: [€2024/year] | H16: SS | I16: =D16*CBA_3!C70 -> -1.3888465e+09
C17: SS_fc | D17: =CBA_1!J15*CBA_1!D59*CBA_1!D125 -> 76058124 | E17: [€2024/year] | I17: =D17*CBA_3!C102 -> 7.3778743e+08
C18: EE_d | D18: =(CBA_1!D107*CBA_1!K15)+CBA_1!D97*(CBA_1!K15+(CBA_1!D94/100)*(CBA_1!D55-CBA_1!K15)) -> 28449516 | E18: [€2024/year] | I18: =D18*CBA_3!C70 -> 2.1064059e+08
C19: EE_de | D19: =-CBA_1!J15*CBA_1!D110*CBA_1!D111 -> -8921817.7 | E19: [€2024/year] | I19: =D19*CBA_3!C102 -> -86544404
B21: Secondary Markets
B23: Complements
C24: GOV_fu | D24: =-CBA_1!K15*(CBA_1!D136*CBA_1!D137*CBA_1!D138*(CBA_1!D135-CBA_1!D131)+CBA_1!E136*CBA_1!E137*CBA_1!E138*(CBA_1!E135-CBA_1!D131))*CBA_1!C165 -> -12066183 | E24: [€2024/year] | I24: =D24*CBA_3!C70 -> -89338178
C26: GOV_p^var | D26: =-(CBA_1!K15*CBA_1!D75*CBA_1!D142*(1-CBA_1!D131)*CBA_1!C165) -> -3126735.7 | E26: [€2024/year] | I26: =D26*CBA_3!C70 -> -23150392
C27: GOV_p^fix | D27: =-(CBA_1!J15*CBA_1!D141*CBA_1!D140*(1-CBA_1!D131)*CBA_1!C165) -> -157009.06 | E27: [€2024/year] | I27: =D27*CBA_3!C102 -> -1523036.7
C28: sum | D28: =SUM(D26:D27) -> -3283744.7 | I28: =SUM(I26:I27) -> -24673428
C30: GOV_vt | D30: =-CBA_1!J15*CBA_1!D59*CBA_1!D124*(1-CBA_1!D131)*CBA_1!C165 -> -6106333.6 | E30: [€2024/year] | I30: =D30*CBA_3!C102 -> -59233333
B32: Substitutes
C34: EE_Su | D34: =-(CBA_1!D148*CBA_1!E148+CBA_1!D149*CBA_1!E149+CBA_1!D152*CBA_1!E152) -> 7456725.5 | E34: [€2024/year] | I34: =D34*CBA_3!C70 -> 55209693
C36: GOV_Su | D36: =(CBA_1!D154*CBA_1!D90+CBA_1!D153*CBA_1!D88+CBA_1!D152*CBA_1!D89)*(CBA_1!D132-CBA_1!D131)*CBA_1!C165 -> -957461.79 | E36: [€2024/year] | I36: =D36*CBA_3!C70 -> -7089059.6
H39: Δ EE | I39: =SUM(I18,I19,I34) -> 1.7930587e+08
H40: Δ GOV | I40: =SUM(I24,I26,I27,I30,I36) -> -1.80334e+08
H41: Δ SS | I41: =I16+I17 -> -6.5105905e+08
H43: NPV | I43: =SUM(-I12,I41,I39,I40) -> -7.6081435e+08 | J43: =-(I7+I8+I9+I10)+I16+I17+I18+I19+I24+I26+I27+I30+I34+I36 -> -7.6081435e+08
H44: BCR | I44: =SUM(I39:I41)/I12 -> -5.9974622
G46: Extrapolation | H46: Pop Ger | I46: 83516593
H47: NPV/p | I47: =I43/I46 -> -9.1097389
H48: NPV/L_rev | I48: =I43/CBA_1!J15 -> -15275.016
H50: Pop total EU | I50: 449844969
H51: NPV EU | I51: =I47*I50 -> -4.0979702e+09
H53: Pop EU ABS | I53: 194272824
H54: NPV EU ABS | I54: =I47*I53 -> -1.7697747e+09

Sheet CBA_5
A1: Back to content overview
B3: PARTIAL SENSITIVITY ANALYSIS
C5: NPV base case | D5: -7.6081435e+08 | G5: Fields other than half/double
C6: NPV live | D6: =CBA_4!I43 -> -7.6081435e+08 | G6: Impact >= +-15%
C7: Diff | D7: =D5-D6 -> 0 | G7: NPV >= -100,000,000
C9: Parameter | D9: Change | E9: New NPV | F9: %change
C10: t_me | D10: double | E10: -7.8009198e+08 | F10: =(E10-$D$5)/$D$5 -> 0.025338151
D11: half | E11: -7.5117554e+08 | F11: =(E11-$D$5)/$D$5 -> -0.012669075
C12: c_me | D12: double | E12: -8.2216679e+08 | F12: =(E12-$D$5)/$D$5 -> 0.080640487
D13: half | E13: -7.3013813e+08 | F13: =(E13-$D$5)/$D$5 -> -0.040320243
C14: t_ad | D14: double | E14: -7.7731456e+08 | F14: =(E14-$D$5)/$D$5 -> 0.021687558
D15: half | E15: -7.5256425e+08 | F15: =(E15-$D$5)/$D$5 -> -0.010843779
C16: t_gp | D16: double | E16: -7.9533944e+08 | F16: =(E16-$D$5)/$D$5 -> 0.04537912
D17: half | E17: -7.4355181e+08 | F17: =(E17-$D$5)/$D$5 -> -0.02268956
C18: phi | D18: 0 | E18: -7.8374253e+08 | F18: =(E18-$D$5)/$D$5 -> 0.030136362
D19: double | E19: -7.3788618e+08 | F19: =(E19-$D$5)/$D$5 -> -0.030136362
D20: half | E20: -7.7227844e+08 | F20: =(E20-$D$5)/$D$5 -> 0.015068181
C21: s^in | D21: 0 | E21: -7.8516033e+08 | F21: =(E21-$D$5)/$D$5 -> 0.031999895
D22: double | E22: -7.3646837e+08 | F22: =(E22-$D$5)/$D$5 -> -0.031999895
D23: half | E23: -7.7298734e+08 | F23: =(E23-$D$5)/$D$5 -> 0.015999947
D24: +1% every threshold | E24: -7.5201236e+08 | F24: =(E24-$D$5)/$D$5 -> -0.011569167
C25: s_i^rev | D25: double | E25: -1.4129015e+09 | F25: =(E25-$D$5)/$D$5 -> 0.85709105
D26: half | E26: -4.3477077e+08 | F26: =(E26-$D$5)/$D$5 -> -0.42854552
D27: +1% every threshold | E27: -8.1333218e+08 | F27: =(E27-$D$5)/$D$5 -> 0.069028438
C28: lambda_c | D28: double | E28: -1.3688358e+09 | F28: =(E28-$D$5)/$D$5 -> 0.79917195
D29: half | E29: -4.7219609e+08 | F29: =(E29-$D$5)/$D$5 -> -0.37935438
C30: ε | D30: double | E30: -66391113 | F30: =(E30-$D$5)/$D$5 -> -0.91273678
D31: half | E31: -2.1496608e+09 | F31: =(E31-$D$5)/$D$5 -> 1.8254736
C32: sum_k c_k | D32: double | E32: -1.5085862e+09 | F32: =(E32-$D$5)/$D$5 -> 0.9828572
D33: half | E33: -3.7729329e+08 | F33: =(E33-$D$5)/$D$5 -> -0.50409283
C34: alpha | D34: double | E34: -66391113 | F34: =(E34-$D$5)/$D$5 -> -0.91273678
D35: half | E35: -2.1496608e+09 | F35: =(E35-$D$5)/$D$5 -> 1.8254736
C36: c_n | D36: double | E36: -1.4189526e+09 | F36: =(E36-$D$5)/$D$5 -> 0.86504441
D37: half | E37: -4.3174525e+08 | F37: =(E37-$D$5)/$D$5 -> -0.4325222
C38: sum e_m w/o crash | D38: double | E38: -6.4702055e+08 | F38: =(E38-$D$5)/$D$5 -> -0.14956842
D39: half | E39: -8.1771125e+08 | F39: =(E39-$D$5)/$D$5 -> 0.07478421
C40: e_cr | D40: double | E40: -6.6396757e+08 | F40: =(E40-$D$5)/$D$5 -> -0.12729358
D41: half | E41: -8.0923774e+08 | F41: =(E41-$D$5)/$D$5 -> 0.063646792
C42: s_de | D42: 0 | E42: -6.7426995e+08 | F42: =(E42-$D$5)/$D$5 -> -0.11375233
D43: double | E43: -8.4735876e+08 | F43: =(E43-$D$5)/$D$5 -> 0.11375233
D44: half | E44: -7.1754215e+08 | F44: =(E44-$D$5)/$D$5 -> -0.056876164
C45: e_de | D45: double | E45: -8.4735876e+08 | F45: =(E45-$D$5)/$D$5 -> 0.11375233
D46: half | E46: -7.1754215e+08 | F46: =(E46-$D$5)/$D$5 -> -0.056876164
C47: c_rv | D47: double | E47: -2.1938744e+08 | F47: =(E47-$D$5)/$D$5 -> -0.71164129
D48: half | E48: -1.0315278e+09 | F48: =(E48-$D$5)/$D$5 -> 0.35582065
C49: sum_c_fix | D49: double | E49: -23026920 | F49: =(E49-$D$5)/$D$5 -> -0.96973385
D50: half | E50: -1.1297081e+09 | F50: =(E50-$D$5)/$D$5 -> 0.48486693
C51: c_rp | D51: double | E51: -7.6088746e+08 | F51: =(E51-$D$5)/$D$5 -> 9.6088829e-05
D52: half | E52: -7.607778e+08 | F52: =(E52-$D$5)/$D$5 -> -4.8044415e-05
C53: s_rp | D53: double | E53: -7.6088746e+08 | F53: =(E53-$D$5)/$D$5 -> 9.6088829e-05
D54: half | E54: -7.607778e+08 | F54: =(E54-$D$5)/$D$5 -> -4.8044415e-05
C55: nu | D55: double | E55: -7.8396474e+08 | F55: =(E55-$D$5)/$D$5 -> 0.030428437
D56: half | E56: -7.4923916e+08 | F56: =(E56-$D$5)/$D$5 -> -0.015214219
C57: e_n | D57: double | E57: -7.0560466e+08 | F57: =(E57-$D$5)/$D$5 -> -0.072566576
D58: half | E58: -7.884192e+08 | F58: =(E58-$D$5)/$D$5 -> 0.036283288
C59: MCPF | D59: 1 | E59: -6.8082322e+08 | F59: =(E59-$D$5)/$D$5 -> -0.10513883
D60: 1.5 | E60: -8.4080548e+08 | F60: =(E60-$D$5)/$D$5 -> 0.10513883
D61: 2 | E61: -1.0007877e+09 | F61: =(E61-$D$5)/$D$5 -> 0.31541649
C62: s | D62: 0 | E62: -8.9924034e+08 | F62: =(E62-$D$5)/$D$5 -> 0.18194451
D63: 0.035 | E63: -6.3921663e+08 | F63: =(E63-$D$5)/$D$5 -> -0.15982574
D64: 0.07 | E64: -4.5696965e+08 | F64: =(E64-$D$5)/$D$5 -> -0.39936773
C68: Parameter | D68: Description | E68: Change | F68: NPV | G68: %-change
C69: $s_i^{rev}$ | D69: Revoked driving | E69: $\times$ 2 | F69: -1.4129015e+09 | G69: 0.85709105
D70: licenses (Index $i$) | E70: $\times$ 0.5 | F70: -4.3477077e+08 | G70: -0.42854552
C71: $\lambda_c$ | D71: Value of car | E71: $\times$ 2 | F71: -1.3688358e+09 | G71: =(F71-$D$5)/$D$5 -> 0.79917195
D72: travel time | E72: $\times$ 0.5 | F72: -4.7219609e+08 | G72: =(F72-$D$5)/$D$5 -> -0.37935438
C73: $\varepsilon$ | D73: Driving demand | E73: $\times$ 2 | F73: -66391113 | G73: =(F73-$D$5)/$D$5 -> -0.91273678
D74: elasticity | E74: $\times$ 0.5 | F74: -2.1496608e+09 | G74: =(F74-$D$5)/$D$5 -> 1.8254736
C75: $\sum_k c_k$ | D75: Marginal driving | E75: $\times$ 2 | F75: -1.5085862e+09 | G75: =(F75-$D$5)/$D$5 -> 0.9828572
D76: cost (Index $k$) | E76: $\times$ 0.5 | F76: -3.7729329e+08 | G76: =(F76-$D$5)/$D$5 -> -0.50409283
C77: $\alpha$ | D77: Marginal utility | E77: $\times$ 2 | F77: -66391113 | G77: =(F77-$D$5)/$D$5 -> -0.91273678
D78: of income | E78: $\times$ 0.5 | F78: -2.1496608e+09 | G78: =(F78-$D$5)/$D$5 -> 1.8254736
C79: $c_n$ | D79: Marginal cost | E79: $\times$ 2 | F79: -1.4189526e+09 | G79: =(F79-$D$5)/$D$5 -> 0.86504441
D80: (Index $n$) | E80: $\times$ 0.5 | F80: -4.3174525e+08 | G80: =(F80-$D$5)/$D$5 -> -0.4325222
C81: $\sum_{m \notin cr} e_m $ | D81: External cost | E81: $\times$ 2 | F81: -6.4702055e+08 | G81: =(F81-$D$5)/$D$5 -> -0.14956842
C82: $c_{rv}$ | D82: Senior car | E82: $\times$ 2 | F82: -2.1938744e+08 | G82: =(F82-$D$5)/$D$5 -> -0.71164129
D83: residual value | E83: $\times$ 0.5 | F83: -1.0315278e+09 | G83: =(F83-$D$5)/$D$5 -> 0.35582065
C84: $\sum_j c_j^{fix}$ | D84: Fixed car | E84: $\times$ 2 | F84: -23026920 | G84: =(F84-$D$5)/$D$5 -> -0.96973385
D85: cost (Index $j$) | E85: $\times$ 0.5 | F85: -1.1297081e+09 | G85: =(F85-$D$5)/$D$5 -> 0.48486693
C86: $MCPF$ | D86: Marginal cost of | E86: $=$ 2 | F86: -1.0007877e+09 | G86: =(F86-$D$5)/$D$5 -> 0.31541649
D87: public funds
C88: $s$ | D88: Social discount | E88: $=$ 0 | F88: -8.9924034e+08 | G88: =(F88-$D$5)/$D$5 -> 0.18194451
D89: rate | E89: $=$ 0.035 | F89: -6.3921663e+08 | G89: =(F89-$D$5)/$D$5 -> -0.15982574
E90: $=$ 0.07 | F90: -4.5696965e+08 | G90: =(F90-$D$5)/$D$5 -> -0.39936773

Sheet CBA_6
A1: Back to content overview | AF1: Index | AG1: =CBA_4!I43 -> -7.6081435e+08 | AH1: =CBA_4!I44 -> -5.9974622 | AK1: results | AL1: Index | AM1: NPV | AN1: BCR
AF2: 1 | AL2: 1 | AM2: -2.743401e+08 | AN2: -0.27013002 | AQ2: NPV | AR2: BCR
B3: MONTE CARLO SIMULATION | AF3: 2 | AL3: 2 | AM3: 1.6270686e+09 | AN3: 15.652428 | AP3: mean | AQ3: =AVERAGE(AM2:AM25001) -> -2.8760579e+08 | AR3: =AVERAGE(AN2:AN25001) -> -0.69027562
C4: s_i^rev | K4: c_k | P4: e_m | Y4: c_n | AF4: 3 | AL4: 3 | AM4: -1.4225742e+09 | AN4: -11.662847 | AP4: %>=0/1 | AQ4: =COUNTIF(AM2:AM10001, ">0") / COUNT(AM2:AM10001) -> 0.3231 | AR4: =COUNTIF(AN2:AN10001, ">1") / COUNT(AN2:AN10001) -> 0.3231
B5: Variable | C5: s_65^rev | D5: s_70^rev | E5: s_75^rev | F5: s_80^rev | G5: s_85^rev | H5: s_90^rev | I5: s_95^rev | J5: ε | K5: c_d | L5: c_f | M5: c_m | N5: c_p | O5: c_t | P5: e_ap | Q5: e_c | R5: e_cc | S5: e_cr | T5: e_h | U5: e_n | V5: e_wtt | W5: lambda_c | X5: sum_j c_j_fix | Y5: c_tx | Z5: c_pt | AA5: c_lpt | AB5: MCPF | AC5: s | AD5: gamma | AF5: 4 | AL5: 4 | AM5: 98369042 | AN5: 1.4223911 | AP5: % < 0 | AQ5: =COUNTIF(AM2:AM10001, "<0") / COUNT(AM2:AM10001) -> 0.6769 | AR5: =COUNTIF(AN2:AN10001, "<1") / COUNT(AN2:AN10001) -> 0.6769
B6: default | C6: 0.28898468 | D6: 1.1781588 | E6: 1.9698481 | F6: 2.0225867 | G6: 2.0852974 | H6: 2.4405026 | I6: 2.4405026 | J6: -0.55947486 | K6: 0.083687882 | L6: 0.12948133 | M6: 0.070273795 | N6: 0.031957856 | O6: 0.35742603 | P6: 0.015107261 | Q6: 0.013399838 | R6: 0.024740747 | S6: 0.070216236 | T6: 0.013507449 | U6: 0.0065804062 | V6: 0.0091675273 | W6: 10.157802 | X6: 1992.9082 | Y6: 2.5 | Z6: 0.13914849 | AA6: 0.13254387 | AB6: 1.25 | AC6: 0.017 | AD6: 0 | AF6: 5 | AL6: 5 | AM6: 1.3083081e+09 | AN6: 6.7895147 | AP6: 50% Quantil | AQ6: =MEDIAN($AM$2:$AM$10001) -> -3.5051911e+08 | AR6: =MEDIAN(AN2:AN10001) -> -1.1426791
B7: Distribution | C7: Triangular | D7: Triangular | E7: Triangular | F7: Triangular | G7: Triangular | H7: Triangular | I7: Triangular | J7: Triangular | K7: Normal | L7: Normal | M7: Normal | N7: Normal | O7: Normal | P7: Normal | Q7: Normal | R7: Normal | S7: Normal | T7: Normal | U7: Normal | V7: Normal | W7: Triangular | X7: Triangular | Y7: Normal | Z7: Normal | AA7: Normal | AB7: Uniform | AC7: Uniform | AD7: Uniform | AF7: 6 | AL7: 6 | AM7: -5.1332917e+08 | AN7: -1.5914709 | AP7: 75% Quantil | AQ7: =_xlfn.PERCENTILE.INC($AM$2:$AM$10001,0.75) -> 1.9043426e+08 | AR7: =_xlfn.PERCENTILE.INC(AN2:AN10001,0.75) -> 2.2291681
B8: min | C8: =MIN(DATA_1!D30:D37) -> 0.084591124 | D8: =MIN(DATA_1!E30:E37) -> 0.084591124 | E8: =MIN(DATA_1!F30:F37) -> 0.39218413 | F8: =MIN(DATA_1!G30:G37) -> 0.79016385 | G8: =MIN(DATA_1!H30:H37) -> 0.79016385 | H8: =MIN(DATA_1!I30:I37) -> 0.79016385 | I8: =MIN(DATA_1!I30:I37) -> 0.79016385 | J8: 0.4 | W8: 7.5289644 | X8: 914.11406 | AB8: 1 | AC8: 0 | AD8: -1.4 | AF8: 7 | AL8: 7 | AM8: 1.8778685e+08 | AN8: 2.1267914 | AP8: 90% Quantil | AQ8: =_xlfn.PERCENTILE.INC($AM$2:$AM$10001,0.9) -> 6.9923507e+08 | AR8: =_xlfn.PERCENTILE.INC(AN2:AN10001,0.9) -> 5.8477551
B9: mode/mean | C9: =DATA_1!D38 -> 0.28898468 | D9: =DATA_1!E38 -> 1.1781588 | E9: =DATA_1!F38 -> 1.9698481 | F9: =DATA_1!G38 -> 2.0225867 | G9: =DATA_1!H38 -> 2.0852974 | H9: =DATA_1!I38 -> 2.4405026 | I9: =DATA_1!I38 -> 2.4405026 | J9: =-J6 -> 0.55947486 | K9: =K6 -> 0.083687882 | L9: =L6 -> 0.12948133 | M9: =M6 -> 0.070273795 | N9: =N6 -> 0.031957856 | O9: =O6 -> 0.35742603 | P9: =P6 -> 0.015107261 | Q9: =Q6 -> 0.013399838 | R9: =R6 -> 0.024740747 | ... AA9: =AA6 -> 0.13254387 | AF9: 8 | AL9: 8 | AM9: -9.7463825e+08 | AN9: -12.327901 | AP9: 95% Quantil | AQ9: =_xlfn.PERCENTILE.INC($AM$2:$AM$10001,0.95) -> 1.0190512e+09 | AR9: =_xlfn.PERCENTILE.INC(AN2:AN10001,0.95) -> 8.8376097
B10: max | C10: =MAX(DATA_1!D30:D37) -> 0.67001675 | D10: =MAX(DATA_1!E30:E37) -> 2.5518341 | E10: =MAX(DATA_1!F30:F37) -> 5.6947608 | F10: =MAX(DATA_1!G30:G37) -> 5.6947608 | G10: =MAX(DATA_1!H30:H37) -> 5.6947608 | H10: =MAX(DATA_1!I30:I37) -> 5.6947608 | I10: =MAX(DATA_1!I30:I37) -> 5.6947608 | J10: =0.53*1.59 -> 0.8427 | W10: 13.479885 | X10: 7560.1603 | AB10: 2.12 | AC10: 0.07 | AD10: 1.4027984 | AF10: 9 | AL10: 9 | AM10: 1.5744216e+08 | AN10: 2.3598813 | AP10: 99% Quantil | AQ10: =_xlfn.PERCENTILE.INC($AM$2:$AM$10001,0.99) -> 1.5935171e+09 | AR10: =_xlfn.PERCENTILE.INC(AN2:AN10001,0.99) -> 15.776507
B11: Standard dev | K11: =0.25*K9 -> 0.020921971 | L11: =0.25*L9 -> 0.032370331 | M11: =0.25*M9 -> 0.017568449 | N11: =0.25*N9 -> 0.0079894639 | O11: =0.25*O9 -> 0.089356508 | P11: =0.25*P9 -> 0.0037768152 | Q11: =0.25*Q9 -> 0.0033499595 | R11: =0.25*R9 -> 0.0061851867 | ... V11: =0.25*V9 -> 0.0022918818 | Y11: =0.25*Y9 -> 0.625 | Z11: =0.25*Z9 -> 0.034787124 | AA11: =0.25*AA9 -> 0.033135966 | AF11: 10 | AL11: 10 | AM11: -1.42545e+09 | AN11: -10.487953 | AP11: Max | AQ11: =MAX(AM2:AM25001) -> 2.8000206e+09 | AR11: =MAX(AN2:AN25001) -> 33.392298
B12: Value | C12: =_xlfn.LET(_xlpm.rand, RAND(), IF(_xlpm.rand<(C9-C8)/(C10-C8), C8+SQRT(_xlpm.rand*(C10-C8)*(C9-C8)), C10-SQRT((1-_xlpm.rand)*(C10-C8)*(C10-C9)))) -> 0.46109571 | D12: =_xlfn.LET(_xlpm.rand, RAND(), IF(_xlpm.rand<(D9-D8)/(D10-D8), D8+SQRT(_xlpm.rand*(D10-D8)*(D9-D8)), D10-SQRT((1-_xlpm.rand)*(D10-D8)*(D10-D9)))) -> 1.7915671 | E12: =_xlfn.LET(_xlpm.rand, RAND(), IF(_xlpm.rand<(E9-E8)/(E10-E8), E8+SQRT(_xlpm.rand*(E10-E8)*(E9-E8)), E10-SQRT((1-_xlpm.rand)*(E10-E8)*(E10-E9)))) -> 3.3351101 | F12: =_xlfn.LET(_xlpm.rand, RAND(), IF(_xlpm.rand<(F9-F8)/(F10-F8), F8+SQRT(_xlpm.rand*(F10-F8)*(F9-F8)), F10-SQRT((1-_xlpm.rand)*(F10-F8)*(F10-F9)))) -> 4.202557 | G12: =_xlfn.LET(_xlpm.rand, RAND(), IF(_xlpm.rand<(G9-G8)/(G10-G8), G8+SQRT(_xlpm.rand*(G10-G8)*(G9-G8)), G10-SQRT((1-_xlpm.rand)*(G10-G8)*(G10-G9)))) -> 3.801642 | H12: =_xlfn.LET(_xlpm.rand, RAND(), IF(_xlpm.rand<(H9-H8)/(H10-H8), H8+SQRT(_xlpm.rand*(H10-H8)*(H9-H8)), H10-SQRT((1-_xlpm.rand)*(H10-H8)*(H10-H9)))) -> 4.3802806 | I12: =_xlfn.LET(_xlpm.rand, RAND(), IF(_xlpm.rand<(I9-I8)/(I10-I8), I8+SQRT(_xlpm.rand*(I10-I8)*(I9-I8)), I10-SQRT((1-_xlpm.rand)*(I10-I8)*(I10-I9)))) -> 1.2044472 | J12: =-_xlfn.LET(_xlpm.rand, RAND(), IF(_xlpm.rand<(J9-J8)/(J10-J8), J8+SQRT(_xlpm.rand*(J10-J8)*(J9-J8)), J10-SQRT((1-_xlpm.rand)*(J10-J8)*(J10-J9)))) -> -0.4927853 | K12: =_xlfn.NORM.INV(RAND(), K9, K11) -> 0.095945841 | L12: =_xlfn.NORM.INV(RAND(), L9, L11) -> 0.095201843 | M12: =_xlfn.NORM.INV(RAND(), M9, M11) -> 0.051530828 | N12: =_xlfn.NORM.INV(RAND(), N9, N11) -> 0.026552183 | O12: =_xlfn.NORM.INV(RAND(), O9, O11) -> 0.39903141 | P12: =_xlfn.NORM.INV(RAND(), P9, P11) -> 0.019185058 | Q12: =_xlfn.NORM.INV(RAND(), Q9, Q11) -> 0.0089192527 | R12: =_xlfn.NORM.INV(RAND(), R9, R11) -> 0.027570635 | ... V12: =_xlfn.NORM.INV(RAND(), V9, V11) -> 0.0078400399 | W12: =_xlfn.LET(_xlpm.rand, RAND(), IF(_xlpm.rand<(W9-W8)/(W10-W8), W8+SQRT(_xlpm.rand*(W10-W8)*(W9-W8)), W10-SQRT((1-_xlpm.rand)*(W10-W8)*(W10-W9)))) -> 10.679984 | X12: =_xlfn.LET(_xlpm.rand, RAND(), IF(_xlpm.rand<(X9-X8)/(X10-X8), X8+SQRT(_xlpm.rand*(X10-X8)*(X9-X8)), X10-SQRT((1-_xlpm.rand)*(X10-X8)*(X10-X9)))) -> 2820.0062 | Y12: =_xlfn.NORM.INV(RAND(), Y9, Y11) -> 2.4768842 | Z12: =_xlfn.NORM.INV(RAND(), Z9, Z11) -> 0.18479533 | AA12: =_xlfn.NORM.INV(RAND(), AA9, AA11) -> 0.17424268 | AB12: =RAND()*(AB10 - AB8)+AB8 -> 1.4926507 | AC12: =RAND()*(AC10 - AC8)+AC8 -> 0.065618307 | AD12: =_xlfn.LET(_xlpm.rand, RAND(), IF(_xlpm.rand<(AD9-AD8)/(AD10-AD8), AD8+SQRT(_xlpm.rand*(AD10-AD8)*(AD9-AD8)), AD10-SQRT((1-_xlpm.rand)*(AD10-AD8)*(AD10-AD9)))) -> 0.95013367 | AF12: 11 | AL12: 11 | AM12: 9.7142975e+08 | AN12: 5.0098473 | AP12: Min | AQ12: =MIN(AM2:AM25001) -> -2.8417296e+09 | AR12: =MIN(AN2:AN25001) -> -26.696066
AF13: 12 | AL13: 12 | AM13: 3.9178865e+08 | AN13: 4.2222556
AF14: 13 | AL14: 13 | AM14: -5.5299778e+08 | AN14: -6.7307731
AF15: 14 | AL15: 14 | AM15: 83800300 | AN15: 1.3424689
AF16: 15 | AL16: 15 | AM16: -1.1517129e+09 | AN16: -4.8331989
AF17: 16 | AL17: 16 | AM17: 2.9366454e+08 | AN17: 4.9401558
AF18: 17 | AL18: 17 | AM18: 1.2480547e+09 | AN18: 6.1278422
AF19: 18 | AL19: 18 | AM19: -1.1176264e+09 | AN19: -4.92948
AF20: 19 | AL20: 19 | AM20: 2.4117836e+08 | AN20: 2.9825363
AF21: 20 | AL21: 20 | AM21: 4.0982643e+08 | AN21: 2.9193676
AF22: 21 | AL22: 21 | AM22: -8.1125773e+08 | AN22: -3.8817321
AF23: 22 | AL23: 22 | AM23: -9.0516937e+08 | AN23: -5.2333047
AF24: 23 | AL24: 23 | AM24: -4.9583121e+08 | AN24: -2.3495315
... AF10001: 10000 | AL10001: 10000 | AM10001: 6.7459172e+08 | AN10001: 9.8600946

Sheet DATA_1
A1: Back to content overview
B3: S_REV AND S_IN
B5: DERIVATION S_REV
B7: year | C7: 2013 | D7: 2022 | E7: 2001 | F7: 2018 | G7: 2022 | H7: 2024 | I7: 2024 | K7: 2023
B8: country | C8: NL | D8: NO | E8: DK | F8: CH | G8: CH | H8: CH | I8: ES | K8: ES | M8: MEAN (%)
B9: age group | C9: Hollander et al. (2013) | D9: Milch et al. (2013) | E9: Hansen and Hansen (2001) | F9: Sebo et al. (2018) | G9: Huwiler et al. (2022) | H9: ASTRA (2025) | I9: Castro et. al (2024) (unfit only) | J9: Castro et. al (2024) (unfit + discontinued) | K9: Mirabet et. al (2023) (unfit only) | L9: Mirabet et. al (2023) (unfit + discontinued) | M9: .
B10: 65-69 | C10: - | D10: - | E10: - | F10: - | G10: - | H10: 0.084591124 | I10: =F20/SUM(C20:F20) -> 2.8933893e-05 | J10: =100*(F20+E20)/SUM(C20:F20) -> 0.11234618 | K10: 0.2 | L10: =100*(1+3)/597 -> 0.67001675 | M10: =AVERAGE(J10,L10,H10) -> 0.28898468
B11: 70-74 | C11: =799*100/211184 -> 0.37834306 | D11: - | E11: =AVERAGE(0.6,1.5) -> 1.05 | F11: 2.2 | G11: 1.8 | H11: 0.084591124 | I11: =F21/SUM(C21:F21) -> 8.7518996e-05 | J11: =100*(F21+E21)/SUM(C21:F21) -> 0.1823433 | K11: 1.1 | L11: =100*(6+10)/627 -> 2.5518341 | M11: =AVERAGE(C11,E11,F11,G11,J11,L11,H11) -> 1.1781588
B12: 75-79 | C12: =591*100/31743 -> 1.8618278 | D12: - | E12: =AVERAGE(0.6,1.5) -> 1.05 | F12: 2.2 | G12: 1.8 | H12: 0.79016385 | I12: =F22/SUM(C22:F22) -> 0.00026958647 | J12: =100*(F22+E22)/SUM(C22:F22) -> 0.39218413 | K12: 2.6 | L12: =100*(14+11)/439 -> 5.6947608 | M12: =AVERAGE(C12,E12,F12,G12,H12,J12,L12) -> 1.9698481
B13: 80-84 | C13: =954*100/57202 -> 1.6677739 | D13: =AVERAGE(1450/(130538-30676),2900/(130538-30676))*100 -> 2.1780056 | E13: =AVERAGE(0.6,1.5) -> 1.05 | F13: 2.2 | G13: 1.8 | H13: 0.79016385 | I13: =F23/SUM(C23:F23) -> 0.00065391094 | J13: =100*(F23+E23)/SUM(C23:F23) -> 0.79998929 | K13: 2.6 | L13: =100*(14+11)/439 -> 5.6947608 | M13: =AVERAGE(C13,D13,E13,F13,G13,H13,J13,L13) -> 2.0225867
B14: 85-89 | C14: =954*100/57202 -> 1.6677739 | D14: =AVERAGE(1450/(130538-30676),2900/(130538-30676))*100 -> 2.1780056 | E14: =AVERAGE(0.6,1.5) -> 1.05 | F14: 2.2 | G14: 1.8 | H14: 0.79016385 | I14: =F24/SUM(C24:F24) -> 0.0014458853 | J14: =100*(F24+E24)/SUM(C24:F24) -> 1.3016753 | K14: 2.6 | L14: =100*(14+11)/439 -> 5.6947608 | M14: =AVERAGE(C14,D14,E14,F14,G14,H14,J14,L14) -> 2.0852974
B15: >90 | C15: =91*100/(2015+3) -> 4.5094153 | D15: =AVERAGE(1450/(130538-30676),2900/(130538-30676))*100 -> 2.1780056 | E15: =AVERAGE(0.6,1.5) -> 1.05 | F15: 2.2 | G15: 1.8 | H15: 0.79016385 | I15: =F24/SUM(C24:F24) -> 0.0014458853 | J15: =100*(F24+E24)/SUM(C24:F24) -> 1.3016753 | K15: 2.6 | L15: =100*(14+11)/439 -> 5.6947608 | M15: =AVERAGE(C15,D15,E15,F15,G15,H15,J15,L15) -> 2.4405026
D16: 1.1-2.2% | E16: 0.6-1.5%
B18: Supplementary calculations
B19: Castro et. al (2024) | C19: Fit | D19: Restrictions | E19: Discontinued | F19: unfit | H19: ASTRA (2025) | J19: Milch et al. (2013) | K19: lower bound (with active driver pop) | L19: upper bound (with active driver pop) | M19: (with full driver pop) | N19: (with full driver pop)
B20: 65-69 | C20: 395581 | D20: 812714 | E20: 1324 | F20: 35 | H20: 2024 65-74 | I20: 2024 75+ | J20: s_rev | K20: =1450/(130538-30676) -> 0.014520038 | L20: =2900/(130538-30676) -> 0.029040075 | M20: =1450/(130538) -> 0.011107877 | N20: =2900/(130538) -> 0.022215753
B21: 70-74 | C21: 358248 | D21: 1021788 | E21: 2400 | F21: 121 | G21: Ausweisentzüge wegen Krankheit | H21: =17+325+14+396 -> 752 | I21: =93+4037 -> 4130
B22: 75-79 | C22: 135017 | D22: 796082 | E22: 3414 | F22: 252 | H22: =7468/7539 -> 0.99058231
B23: 80-84 | C23: 30720 | D23: 488103 | E23: 3842 | F23: 342 | H23: =H21*H22 -> 744.91789 | I23: =I21*H22 -> 4091.1049
B24: 85 and over | C24: 5829 | D24: 254930 | E24: 3057 | F24: 382 | H24: 880610 | I24: 517754
H25: =H23/H24 *100 -> 0.084591124 | I25: =I23/I24 *100 -> 0.79016385
B29: Country | C29: Reference | D29: 65-69 | E29: 70-74 | F29: 75-79 | G29: 80-84 | H29: 85-89 | I29: 90+ | J29: tnote
B30: CH | C30: \textcite{Sebo.2018}\tnote{a} | D30: - | E30: 2.2 | F30: 2.2 | G30: 2.2 | H30: 2.2 | I30: 2.2 | J30: \item[a] Mean value reported for 70+.
B31: CH | C31: \textcite{Huwiler.2022}\tnote{b} | D31: - | E31: 1.8 | F31: 1.8 | G31: 1.8 | H31: 1.8 | I31: 1.8 | J31: \item[b] Midpoint of the reported interval (0.2\% reported by drivers, 3.3\% reported by licensing agencies) for 70+.
B32: CH | C32: \textcite{ASTRA.2025.gesamtbericht}\tnote{c} | D32: 0.084591124 | E32: 0.084591124 | F32: 0.79016385 | G32: 0.79016385 | H32: 0.79016385 | I32: 0.79016385 | J32: \item{c} Calculated based on \textcite{ASTRA.2025.gesamtbericht} and \textcite{ASTRA.2026.Führausweisstat} (e.g. 75+: 93 + 4,037 = 4130 drivers had their license revoked due to illness or medical conditions. Multiplied by the share of standard driving licenses among revoked licenses of these drivers (7,468$/$7,539 $=$ 0.99; \cite{ASTRA.2024}) and divided by the total number of driving licenses above age 75 (517,754; \cite{ASTRA.2026.Führausweisstat}) returns 0.79\%).
B33: DK | C33: \textcite{Hansen.2001}\tnote{d} | D33: - | E33: 1.05 | F33: 1.05 | G33: 1.05 | H33: 1.05 | I33: 1.05 | J33: \item[d] Midpoint of the reported interval (0.6\% without, 1.5\% with cognitive test as part of ABS) for 70+.
B34: ES | C34: \textcite{Mirabet.2023}\tnote{e} | D34: 0.67001675 | E34: 2.5518341 | F34: 5.6947608 | G34: 5.6947608 | H34: 5.6947608 | I34: 5.6947608 | J34: \item[e] We combined 'revoked' and 'interrupted' categories, as both lead to lost driving privileges, with the latter group failing to complete the renewal process instead of formally being revoked.
B35: ES | C35: \textcite{Castro.2024}\tnote{e} | D35: 0.11234618 | E35: 0.1823433 | F35: 0.39218413 | G35: 0.79998929 | H35: 1.3016753 | I35: 1.3016753 | J35: \item[e] We combined 'revoked' and 'interrupted' categories, as both lead to lost driving privileges, with the latter group failing to complete the renewal process instead of formally being revoked.
B36: NL | C36: \textcite{Hollander.2013} | D36: - | E36: =799*100/211184 -> 0.37834306 | F36: =591*100/31743 -> 1.8618278 | G36: =954*100/57202 -> 1.6677739 | H36: =954*100/57202 -> 1.6677739 | I36: =91*100/(2015+3) -> 4.5094153
B37: NO | C37: \textcite{Milch.2022}\tnote{f} | D37: - | E37: - | F37: - | G37: =AVERAGE(1450/(130538-30676),2900/(130538-30676))*100 -> 2.1780056 | H37: =AVERAGE(1450/(130538-30676),2900/(130538-30676))*100 -> 2.1780056 | I37: =AVERAGE(1450/(130538-30676),2900/(130538-30676))*100 -> 2.1780056 | J37: \item[f] Midpoint calculated using the estimated active driver population (99,862), where 1,450 to 2,900 were denied a medical certificate.
B38: Average | D38: =AVERAGE(D32,D34,D35) -> 0.28898468 | E38: =AVERAGE(E30,E31,E32,E33,E34,E35,E36) -> 1.1781588 | F38: =AVERAGE(F30,F31,F32,F33,F34,F35,F36) -> 1.9698481 | G38: =AVERAGE(G30:G37) -> 2.0225867 | H38: =AVERAGE(H30:H37) -> 2.0852974 | I38: =AVERAGE(I30:I37) -> 2.4405026
B42: DERIVATION S_IN
D44: s_in %
B45: 2013 | C45: Hollander et al. (2013) | D45: 0.15
B46: 2022 | C46: Huwiler et al. (2022) | D46: 3.5
B47: 2016 | C47: Siren | D47: =101/1537*100 -> 6.5712427
B48: 2022 | C48: Milch et al. (2013) | D48: =AVERAGE(((130538*0.03848)-1450)/(130538),((130538*0.03848)-2900)/(130538))*100 -> 2.1818185
C50: mean | D50: =AVERAGE(D45:D48) -> 3.1007653

Sheet DATA_2
A1: Back to content overview
B3: USA 2019, from FTS (2019): Driver Licensing Policies And Practices
C5: Table 2 (https://lpp.seniordrivers.org/blog/policies/3-license-renewal-requirements-table-2/) | L5: Table 1 (https://lpp.seniordrivers.org/blog/policies/2-license-renewal-requirements-table-1/)
B6: State | C6: Asked to report medical conditions during routine license renewal | D6: Other routine requirements for license renewal | E6: More frequent renewal | F6: In-person renewal | G6: Vision testing | H6: Road testing | I6: Medical report | J6: Other | K6: Additional information on renewal requirements for older drivers | L6: Standard length of license renewal | M6: Length of license renewal for older drivers | N6: Standard frequency for required in-person renewal | O6: Required in-person renewal frequency for older drivers | P6: Visual acuity tested during routine in-person license renewal | Q6: Visual fields tested during routine in-person license renewal | R6: Contrast sensitivity tested during routine in-person license renewal
B7: AK | C7: Yes, all renewals | D7: May not renew by mail if ages 69+ on the expiration date of the driver's license being renewed | E7: No | F7: Yes | G7: No | H7: No | I7: No | J7: No | L7: 8 years | M7: Same as standard | N7: Every other renewal | O7: Every renewal ages 69+ | P7: Yes | Q7: Yes | R7: No
B8: AL | C8: Yes, in-person renewal only | D8: None | E8: No | F8: No | G8: No | H8: No | I8: No | J8: No | L8: 4 years | M8: Same as standard | N8: Every other renewal | O8: Same | P8: Yes | Q8: Yes | R8: No
B9: AR | C9: No, not asked to report | D9: None | E9: No | F9: No | G9: No | H9: No | I9: No | J9: No | L9: 8 years | M9: 4 or 8 years ages 70+ (option of driver) | N9: Every renewal | O9: Same | P9: Yes | Q9: Yes | R9: No
B10: AZ | C10: Yes, in-person renewal only | D10: None | E10: Yes | F10: No | G10: Yes | H10: No | I10: No | J10: No | L10: 12 years | M10: 5 years ages 65+ | N10: Every renewal | O10: Same | P10: Ages 65+ (or may submit vision report from doctor) | Q10: Ages 65+ | R10: No
B11: CA | C11: Yes, all renewals | D11: Written knowledge test | E11: No | F11: Yes | G11: No | H11: No | I11: No | J11: No | L11: 5 years | M11: Same as standard | N11: Every 3rd renewal with good driving record prior to age 70 | O11: Every renewal ages 70+ | P11: Yes | Q11: No | R11: No
B12: CO | C12: Yes, all renewals | D12: None | E12: No | F12: No | G12: No | H12: No | I12: No | J12: Persons over 65 can renew by mail if they submit an application signed by an Optometrist/ Ophthalmologist | L12: 5 years | M12: Same as standard | N12: Every 3rd renewal or anytime a photo is more than 10 years old | O12: Same. Drivers over 65 cannot renew online, but may renew by mail with doctor approval. | P12: Yes | Q12: Yes | R12: No
B13: CT | C13: No, not asked to report | D13: None | E13: No | F13: No | G13: No | H13: No | I13: No | J13: No | L13: 4 or 6 years (option of driver) | M13: 2 year option available ages 65+ | N13: Every renewal | O13: Same | P13: No | Q13: No | R13: No
B14: DC | C14: Yes, in-person renewal only | D14: Physician certification of medical fitness on license application ages 70+ | E14: No | F14: Yes | G14: No | H14: No | I14: No | J14: No | L14: 8 years | M14: Same as standard | N14: Every other renewal | O14: Every renewal ages 70+ | P14: Yes | Q14: Yes | R14: No
B15: DE | C15: Yes, in-person renewal only | D15: During the first 5 years of the new renewal cycle law, driver's licenses may be issued for less than 8 years so that the number of renewals can be more evenly distributed over an 8-year period. | E15: No | F15: No | G15: No | H15: No | I15: No | J15: No | M15: Same as standard | N15: Every renewal | O15: Same | P15: Yes | Q15: No | R15: No
B16: FL | C16: Yes, in-person renewal only | D16: None | E16: Yes | F16: No | G16: Yes | H16: No | I16: No | J16: No | L16: 8 years | M16: 6 years ages 80+ | N16: Every other renewal | O16: Same | P16: Yes and 80+ must pass vision test or submit form at every renewal (regardless of location) | Q16: No | R16: No
B17: GA | C17: Yes, all renewals | D17: Customers are required to complete the driver's license/ID card application form, provide any required documents, and submit payment | E17: No | F17: No | G17: Yes | H17: No | I17: No | J17: No | L17: 8 years | M17: Same as standard | N17: Every other renewal | O17: Same | P17: Ages 64+ | Q17: Ages 64+ | R17: No
B18: HI | C18: Yes, all renewals | D18: None | E18: Yes | F18: No | G18: No | H18: No | I18: No | J18: No | L18: 8 years | M18: 2 years ages 72+ | N18: Every renewal (May renew by mail if out of state at time of expiration, non-in-person renewal must provide a doctor's vision results, documents valid up to 16 years) | O18: Same | P18: Yes | Q18: Yes | R18: No
B19: IA | C19: Yes, all renewals | D19: None | E19: Yes | F19: Yes | G19: Yes | H19: No | I19: No | J19: No | L19: 8 years | M19: 2 years ages 72+ | N19: Every other renewal | O19: Every renewal ages 70+ | P19: Yes | Q19: Yes | R19: No
B20: ID | C20: Yes, in-person renewal only | D20: None | E20: Yes | F20: Yes | G20: No | H20: No | I20: No | J20: No | L20: 4 or 8 years (option of driver) | M20: 4 years ages 63+ | N20: Every 8 years | O20: Every 4 years ages 63+ | P20: Yes | Q20: No | R20: No
B21: IL | C21: Yes, in-person renewal only | D21: Road test for ages 75+; written test every other cycle | E21: Yes | F21: Yes | G21: No | H21: Yes | I21: Yes | J21: No | L21: 4 years | M21: 2 years ages 81-86, 1 year ages 87+ | N21: Every other renewal | O21: Every renewal ages 75+ | P21: Yes | Q21: Yes | R21: No
B22: IN | C22: Yes, in-person renewal only | D22: If you are renewing a driver's license that is not expired because your last renewal was online, you must pass a standard vision screening or submit Vision Screening Documentation (State Form 56520) completed by a licensed Ophthalmologist or licensed Optometrist.https://www.in.gov/bmv/2566.htm | E22: Yes | F22: Yes | G22: No | H22: No | I22: No | J22: No | L22: 6 years | M22: 3 years ages 75-84, 2 years ages 85+ | N22: Every other renewal | O22: Every renewal ages 75+ | P22: Yes | Q22: No | R22: No
B23: KS | C23: Yes, in-person renewal only | D23: Submit proof of identity and proof of address if you have moved since last issuance | E23: Yes | F23: Yes | G23: No | H23: No | I23: No | J23: No | L23: 6 years | M23: 4 years ages 65+ | N23: Every other renewal (Online renewal began for driver's renewing that are between the ages of 21 and 49.) | O23: Every renewal ages 50+ | P23: Yes | Q23: No | R23: No
B24: KY | C24: Yes, in-person renewal only | D24: Proof of address | E24: No | F24: No | G24: No | H24: No | I24: No | J24: No | L24: 4 or 8 years (option of driver) | M24: Same as standard | N24: Every renewal | O24: Same | P24: No | Q24: No | R24: No
B25: LA | C25: Yes, in-person renewal only | D25: None | E25: No | F25: Yes | G25: No | H25: No | I25: No | J25: No | L25: 6 years | M25: Same as standard | N25: Every other renewal | O25: Every renewal ages 70+ | P25: Yes | Q25: No | R25: No
B26: MA | C26: Yes, in-person renewal only | D26: None | E26: No | F26: Yes | G26: No | H26: No | I26: No | J26: No | L26: 5 years | M26: Same as standard | N26: Every other renewal | O26: Every renewal ages 75+ | P26: Yes | Q26: Yes | R26: No
B27: MD | C27: Yes, in-person renewal only | D27: Drivers ages 40+ renewing by mail must submit a report from a vision specialist; medical report and approval for new drivers ages 70+ | E27: No | F27: No | G27: No | H27: No | I27: No | J27: No | L27: 8 years | M27: Same as standard | N27: Every other renewal | O27: Same | P27: Yes | Q27: Yes | R27: No
... B32: MS | C32: Yes, in-person renewal only | D32: None | E32: No | F32: Yes | G32: No | H32: No | I32: No | J32: No | L32: 4 or 8 years | M32: Same as standard | N32: Every other renewal | O32: Every renewal ages 71+ | P32: No | Q32: No | R32: No
B33: MT | C33: Yes, in-person renewal only | D33: A vision test is required for all in-person driver license renewals. For all mail-in or online renewals, a medical and eye evaluation is required by Montana State law. | E33: Yes | F33: Yes | G33: No | H33: No | I33: No | J33: No | K33: Must be able to pass vision test, and any further testing (written or drive tests) required by their doctor, prior to license renewal. | L33: 8 years | M33: 4 years ages 75+ | N33: Every renewal or every other renewal if temporarily residing out of state or in a county without license services | O33: Every renewal ages 75+ | P33: Yes | Q33: CDL drivers only | R33: No
B34: NC | C34: Yes, in-person renewal only | D34: Traffic sign recognition test | E34: Yes | F34: No | G34: No | H34: No | I34: No | J34: No | L34: 8 years | M34: 5 years ages 66+ | N34: Every other renewal | O34: Same | P34: Yes | Q34: Yes | R34: No
B35: ND | C35: Yes, all renewals | D35: None | E35: Yes | F35: Yes | G35: No | H35: No | I35: No | J35: No | L35: 6 years | M35: 4 years ages 78+ | N35: Every other renewal | O35: Every renewal ages 65+ | P35: Yes | Q35: Yes | R35: No
B36: NE | C36: Yes, all renewals | D36: None | E36: No | F36: No | G36: No | H36: No | I36: No | J36: No | L36: 5 years | M36: Same as standard | N36: Every other renewal | O36: Same | P36: Yes | Q36: Yes | R36: No
B37: NH | C37: No, not asked to report | D37: Road test no longer required | E37: No | F37: No | G37: No | H37: No | I37: No | J37: No | L37: 5 years | M37: Same as standard | N37: Every renewal (Every other renewal if eligible for online renewal, indicated by a Renewal Identification Number on license) | O37: Same | P37: Yes | Q37: No | R37: No
B38: NJ | C38: Yes, in-person renewal only | D38: None | E38: No | F38: No | G38: No | H38: No | I38: No | J38: No | L38: 4 years | M38: Same as standard | N38: Every other renewal | O38: Same | P38: No | Q38: No | R38: No
B39: NM | C39: Yes, all renewals | D39: None | E39: Yes | F39: No | G39: Yes | H39: No | I39: No | J39: No | L39: 4 or 8 years (option of driver) | M39: 1 year ages 79+ | N39: Every renewal | O39: Same | P39: Yes | Q39: No | R39: No
B40: NV | C40: Yes, all renewals | D40: Application completed every time | E40: Yes | F40: No | G40: No | H40: No | I40: No | J40: No | K40: Physician report and vision test required if done by mail and ages 71+ | L40: 8 years | M40: 4 years ages 65+ | N40: Every renewal | O40: Every other renewal. If by mail and over 71, physician report and vision report must be completed. | P40: Yes | Q40: Yes | R40: No
B41: NY | C41: Yes, all renewals | D41: None | E41: No | F41: No | G41: No | H41: No | I41: No | J41: No | L41: 8 years | M41: Same as standard | N41: Not required | O41: Same | P41: Yes | Q41: No | R41: No
B42: OH | C42: Yes, in-person renewal only | D42: None | E42: No | F42: No | G42: No | H42: No | I42: No | J42: No | L42: 4 years | M42: Same as standard | N42: Every renewal | O42: Same | P42: Yes | Q42: Yes | R42: No
B43: OK | C43: Yes, in-person renewal only | D43: None | E43: No | F43: No | G43: No | H43: No | I43: No | J43: No | L43: 4 years | M43: Same as standard | N43: Every renewal | O43: Same | P43: No | Q43: No | R43: No
B44: OR | C44: Yes, in-person renewal only | D44: None | E44: No | F44: No | G44: Yes | H44: No | I44: No | J44: No | L44: 8 years | M44: Same as standard | N44: Every renewal | O44: Same | P44: Ages 50+ | Q44: Ages 50+ | R44: No
B45: PA | C45: No, not asked to report | D45: Random requests for medical report | E45: No | F45: No | G45: No | H45: No | I45: No | J45: No | L45: 4 years | M45: 2 year option available ages 65+ | N45: Not required | O45: Same | P45: No | Q45: No | R45: No
B46: RI | C46: Yes, in-person renewal only | D46: None | E46: Yes | F46: No | G46: No | H46: No | I46: No | J46: No | L46: 5 years | M46: 2 years ages 75+ | N46: Every renewal | O46: Same | P46: Yes | Q46: No | R46: No
B47: SC | C47: Yes, in-person renewal only | D47: None | E47: No | F47: No | G47: No | H47: No | I47: No | J47: No | L47: 8 years | M47: Same as standard | N47: Every other renewal | O47: Same | P47: No | Q47: No | R47: No
B48: SD | C48: Yes, in-person renewal only | D48: None | E48: No | F48: No | G48: Yes | H48: No | I48: No | J48: No | L48: 5 years | M48: Same as standard | N48: Every other renewal | O48: Same | P48: Yes | Q48: No | R48: No
B49: TN | C49: Yes, in-person renewal only | D49: Address verification | E49: No | F49: No | G49: No | H49: No | I49: No | J49: No | L49: 8 years | M49: Same as standard | N49: Every other renewal | O49: Same | P49: No | Q49: No | R49: No
B50: TX | C50: Yes, in-person renewal only | D50: In-person renewal required for ages 79+. Two-year renewal and vision test required for applications ages 85+. | E50: Yes | F50: Yes | G50: Yes | H50: No | I50: No | J50: No | L50: 6 years | M50: 2 years ages 85+ | N50: Every other renewal | O50: Every renewal ages 79+ | P50: Yes | Q50: No | R50: No
B51: UT | C51: Yes, all renewals | D51: None | E51: No | F51: No | G51: Yes | H51: No | I51: No | J51: No | L51: 5 years | M51: Same as standard | N51: Every other renewal | O51: Same | P51: Yes | Q51: Yes | R51: No
B52: VA | C52: Yes, all renewals | D52: None | E52: Yes | F52: Yes | G52: No | H52: No | I52: No | J52: No | L52: 8 years | M52: 5 years ages 75+ | N52: Every other renewal | O52: Every renewal ages 75+ | P52: Yes | Q52: Yes | R52: No
... B57: WY | C57: Yes, all renewals | D57: None | E57: No | F57: No | G57: No | H57: No | I57: No | J57: No | L57: 4 years | M57: Same as standard | N57: Every other renewal | O57: Same | P57: Yes | Q57: If the driver presents a valid visual evaluation form, their vision screening is not done here. | R57: No
B60: USA 2024, from IIHS-HLDI (2024): License Renewal Requirements
B62: As of February 2025 (https://www.iihs.org/topics/older-drivers/license-renewal-laws-table)
B63: State | C63: License renewal cycle general pop | D63: License renewal cycle older pop | E63: Proof of adequate vision required at renewal general po | F63: Proof of adequate vision required at renewal older pop | G63: Mail or online renewal permitted general pop | H63: Mail or online renewal permitted old pop
B64: AL | C64: 4 years | D64: 4 years | E64: no | F64: no | G64: online, every other renewal | H64: online, every other renewal
B65: AK | C65: 5 years | D65: 5 years | E65: when renewing in person | F65: 69 and older, every renewal | G65: both, every other renewal | H65: not permitted 69 and older
B66: AZ | C66: 12 years | D66: 5 years for people 60 and older | E66: every renewal | F66: every renewal | G66: no | H66: no
B67: AR | C67: 8 years | D67: 4 or 8 years for people 70 and older, personal option | E67: every other renewal | F67: every other renewal | G67: no | H67: no
B68: CA | C68: 5 years | D68: 5 years | E68: when renewing in person | F68: 70 and older, every renewal | G68: both, limited to 2 consecutive renewals | H68: not permitted 70 and older without vision test; not permitted 80 and older
B69: CO | C69: 5 years | D69: 5 years | E69: every renewal | F69: every renewal | G69: both, if photograph is newer than 16 years | H69: both, if photograph is newer than 16 years
B70: CT | C70: 8 or 6 years, phasing from a 6 year to 8 year cycle | D70: 2 years permitted for people 65 and older, personal option | E70: no | F70: no | G70: both, every other renewal | H70: both, every other renewal
B71: DE | C71: 8 years | D71: 8 years | E71: every renewal | F71: every renewal | G71: no | H71: no
B72: DC | C72: 8 years | D72: 8 years | E72: every renewal | F72: every renewal | G72: both, every other renewal | H72: not permitted 70 and older
B73: FL | C73: 8 years | D73: 6 years for people 80 and older | E73: when renewing in person | F73: 80 and older, every renewal | G73: both, every other renewal | H73: both, every other renewal
B74: GA | C74: 8 years | D74: 8 years | E74: every renewal | F74: every renewal | G74: both, every other renewal | H74: both, every other renewal
... B114: WY | C114: 5 years | D114: 5 years | E114: every renewal | F114: every renewal | G114: by mail, every other renewal | H114: by mail, every other renewal
B117: Lococo et al. (2017): Medical review practices for driver licensing
B119: State | C119: Q51: Average and range of processing time (days) from referral to communicated decision | G119: Q57: Cost and staff‐time to process a referral without on-road testing or MAB review | P119: Q60: Additional cost and staff‐time when a driver appeals the licensing action
C120: Time (days) | G120: Cost (USD) | K120: Time (min) | O120: Wage | P120: Cost (USD) | Q120: Time (min)
C121: Average | D121: L.B. | E121: U.B | F121: Midpoint | G121: Mean | H121: L.B. | I121: U.B. | J121: Midpoint | K121: Mean | L121: L.B. | M121: U.B | N121: Midpoint | P121: Average | Q121: Average
B122: Alabama | D122: 3 | E122: 29 | F122: =AVERAGE(D122:E122) -> 16 | G122: 4.5 | O122: - | P122: 84.5
B123: Alaska | D123: 30 | E123: 40 | F123: =AVERAGE(D123:E123) -> 35 | G123: 20.7 | K123: 65 | O123: =AVERAGE(16.92,26.66) -> 21.79 | P123: 46.4 | Q123: 95
B124: Arizona | C124: 30 | D124: 1 | E124: 60 | G124: 3.02 | K124: 12.5 | O124: 14.51 | P124: 43.03
B125: Arkansas | D125: 30 | E125: 45 | F125: =AVERAGE(D125:E125) -> 37.5 | G125: 20 | K125: 60 | O125: 20 | P125: 486 | Q125: =8*60*2+30 -> 990
B126: California | D126: 30 | E126: 60 | F126: =AVERAGE(D126:E126) -> 45 | H126: 11.51 | I126: 17.17 | J126: =AVERAGE(H126:I126) -> 14.34 | K126: 30 | O126: =AVERAGE(23.02,34.33) -> 28.675 | P126: =72.09+462.52 -> 534.61
B127: Colorado | D127: 3 | E127: 80 | F127: =AVERAGE(D127:E127) -> 41.5 | G127: 0.5 | K127: 2 | O127: -
B128: Connecticut | D128: 5 | E128: 30 | F128: =AVERAGE(D128:E128) -> 17.5 | G128: 8.75 | K128: 15 | O128: 35 | P128: 300
B129: Delaware | C129: 7 | G129: 3.56 | K129: 15 | O129: 14.25 | P129: 52.9 | Q129: 45
B130: District of Columbia (DC) | D130: 30 | E130: 45 | F130: =AVERAGE(D130:E130) -> 37.5 | G130: 23 | O130: - | P130: 90
B131: Florida | C131: 90 | G131: 12.3 | O131: - | P131: 39.82
B132: Georgia | C132: 60 | G132: 60 | K132: 240 | O132: 15 | P132: 320 | Q132: 600
B133: Hawaii | D133: 30 | E133: 60 | F133: =AVERAGE(D133:E133) -> 45 | O133: -
B134: Idaho | C134: 60 | G134: 5.75 | K134: 15 | O134: 15 | P134: 14.75 | Q134: 45
B135: Illinois | D135: 14 | E135: 42 | F135: =AVERAGE(D135:E135) -> 28 | G135: 7.32 | K135: 15 | O135: - | P135: 42.23 | Q135: 60
B136: Indiana | D136: 28 | E136: 42 | F136: =AVERAGE(D136:E136) -> 35 | G136: 15 | O136: - | P136: 30
B137: Iowa | D137: 30 | E137: 60 | F137: =AVERAGE(D137:E137) -> 45 | G137: 9.32 | K137: 25 | O137: 22.36 | P137: 33.25 | Q137: 75
B138: Kansas | D138: 30 | E138: 60 | F138: =AVERAGE(D138:E138) -> 45 | O138: -
B139: Kentucky | C139: 120 | G139: 10.7 | K139: 30 | O139: 21.39
B140: Louisiana | C140: 1 | H140: 5 | I140: 6 | J140: =AVERAGE(H140:I140) -> 5.5 | L140: 10 | M140: 15 | N140: =AVERAGE(L140:M140) -> 12.5 | O140: 24 | P140: =AVERAGE(5,6) -> 5.5 | Q140: =AVERAGE(10,15) -> 12.5
B141: Maine | C141: 28 | G141: 20.09 | K141: 75 | O141: -
B142: Maryland | C142: 90 | G142: 15 | K142: 30 | O142: - | P142: =AVERAGE(20,30) -> 25 | Q142: =AVERAGE(30,40) -> 35
B143: Massachusetts | C143: 45 | G143: 4 | O143: - | P143: 30
B144: Michigan | D144: 30 | E144: 45 | F144: =AVERAGE(D144:E144) -> 37.5 | G144: 58.03 | K144: 90 | O144: =AVERAGE(33.74,41.16) -> 37.45 | P144: 77.49
B145: Minnesota | C145: 30 | G145: 3.25 | K145: 10 | O145: - | P145: 3.75 | Q145: 15
B146: Mississippi | C146: 30 | G146: 2.72 | K146: 10.9 | O146: 10.9 | P146: 17.14 | Q146: 45
B147: Missouri | C147: 30 | G147: 3.5 | K147: 15 | O147: 14 | P147: 100 | Q147: 180
B148: Montana | C148: 50 | G148: 2.25 | K148: 10 | O148: - | P148: 64.02 | Q148: 270
B149: Nebraska | D149: 21 | E149: 28 | F149: =AVERAGE(D149:E149) -> 24.5 | O149: -
B150: Nevada | D150: 10 | E150: 30 | F150: =AVERAGE(D150:E150) -> 20 | G150: 2.33 | K150: 10 | O150: 14 | P150: 242.45 | Q150: =SUM(15+60+5*60) -> 375
B151: New Hampshire | D151: 5 | E151: 30 | F151: =AVERAGE(D151:E151) -> 17.5 | G151: 200 | K151: 180 | O151: -
B152: New Jersey | D152: 45 | E152: 90 | F152: =AVERAGE(D152:E152) -> 67.5 | G152: 9.8 | K152: 20 | O152: - | P152: 60 | Q152: =60+35 -> 95
B153: New Mexico | O153: -
B154: New York | D154: 42 | E154: 56 | F154: =AVERAGE(D154:E154) -> 49 | G154: 5.32 | K154: 15 | O154: 21.29 | P154: 1025.23 | Q154: =12*60+50 -> 770
B155: North Carolina | D155: 28 | E155: 56 | F155: =AVERAGE(D155:E155) -> 42 | H155: 8 | I155: 11 | J155: =AVERAGE(H155:I155) -> 9.5 | L155: 10 | M155: 60 | N155: =AVERAGE(L155:M155) -> 35 | O155: - | P155: 56 | Q155: 20
...

Sheet DATA_3
A1: Back to content overview
B3: Data extracted on Residence Parking Permits from DUH (2025) and Gieße (2025)
B5: Residence Parking permit (RPP) price data | G5: City | H5: Cologne | I5: Aachen | J5: Münster
B6: DUH (2025) https://www.duh.de/fileadmin/user_upload/download/Pressemitteilungen/Verkehr/Grafik_Anwohnerparken_Gebuehren_250327.pdf | C6: ADAC (2025) https://www.adac.de/verkehr/recht/verkehrsvorschriften-deutschland/anwohnerparkausweis/ | D6: . | G6: Year | H6: 2022 | I6: 2024 | J6: 2023
B7: 360 | C7: 90 | G7: Price [€] | H7: 30 \parencite{Baumanns.2023} | I7: 30 \parencite{StadtAachen.2025} | J7: 17 \parencite[p. 3]{StadtMunster.2023}
B8: 270 | C8: 360 | G8: \acs{RPP}s | H8: 61,020 \parencite{Baumanns.2023} | I8: 21,743 \parencite{StadtAachen.2025} | J8: 6,586 \parencite[p. 3]{StadtMunster.2023}
B9: 260 | C9: 75 | G9: Population (18+) | H9: 915,572 \parencite[p. 27]{StadtKoln.2023} | I9: 226,211 \parencite{StadtAachen.2025.tab} | J9: 265,616 \parencite[p. 9]{StadtMunster.2024}
B10: 170 | C10: 75 | G10: Drivers | H10: 800209.93 | I10: 197708.41 | J10: 232148.38
B11: 200 | C11: 125 | G11: Drivers with \acs{RPP} [\%] | H11: 7.625499 | I11: 10.997509 | J11: 2.8369786
B12: 200 | C12: 120
B13: 200 | C13: 160 | G13: Germany | H13: =AVERAGE(H19:J19)*0.4145 -> 0.030009907
B14: 200 | C14: 120
B15: 180 | C15: 120
B16: 180 | C16: 120 | G16: RPP | H16: 61020 | I16: 21743 | J16: 6586
B17: 180 | C17: 200 | G17: total pop | H17: 1092118 | I17: 261472 | J17: 322904
B18: 153 | C18: 100 | G18: drivers | H18: =H17*0.734 -> 801614.61 | I18: =I17*0.734 -> 191920.45 | J18: =J17*0.734 -> 237011.54
B19: 150 | C19: 110 | G19: share | H19: =H16/H18 -> 0.076121367 | I19: =I16/I18 -> 0.11329173 | J19: =J16/J18 -> 0.027787677
B20: 120 | C20: 60
B21: 120 | C21: 120
B22: 120 | C22: 127.5
B23: 120 | C23: 150
B24: 120 | C24: 260
B25: 120 | C25: 200
B26: 120 | C26: 120
B27: 120 | C27: 120
B28: 120 | C28: 200
B29: 120 | C29: 240
B30: 120 | C30: 200
B31: 120 | C31: 90
B32: 110
B33: 105
B34: 105
B35: 100
B36: 96
B37: 90
B38: 90
B39: 90
B40: 75
B41: 75
B42: 75
B43: 65
... B110: 10
D111: Overall mean
B112: =AVERAGE(B7:B110) -> 69.875 | C112: =AVERAGE(C7:C31) -> 146.5 | D112: =AVERAGE(B112:C112) -> 108.1875
B113: =MEDIAN(B7:B110) -> 31 | C113: =MEDIAN(C7:C31) -> 120

Sheet DATA_4
A1: Back to content overview
B3: Currency conversions and price transformations to 2024
B5: EXCHANGE RATES | C5: Currency 1 = EUR x | D5: 2003 | E5: 2012 | F5: 2015 | G5: 1999 | H5: 2016 | I5: 2009 | J5: 2017 | K5: 2019 | L5: 2008 | M5: 2022
B6: Euro rechts | C6: EUR per NZD https://www.ecb.europa.eu/stats/policy_and_exchange_rates/euro_reference_exchange_rates/html/eurofxref-graph-nzd.en.html | D6: - | E6: - | F6: 0.6277
C7: EUR per USD https://www.ecb.europa.eu/stats/policy_and_exchange_rates/euro_reference_exchange_rates/html/eurofxref-graph-usd.en.html | D7: 0.884 | E7: 0.7783 | F7: 0.9013 | G7: 0.9383 | H7: 0.9034 | I7: 0.7169 | J7: 0.8852 | L7: 0.6799
C8: EUR per CHF https://www.ecb.europa.eu/stats/policy_and_exchange_rates/euro_reference_exchange_rates/html/eurofxref-graph-chf.en.html | D8: - | F8: 0.9364 | H8: 0.9173
C9: EUR per SEK https://www.ecb.europa.eu/stats/policy_and_exchange_rates/euro_reference_exchange_rates/html/eurofxref-graph-sek.en.html | D9: - | K9: 0.09444
C10: EUR per AUD https://www.ecb.europa.eu/stats/policy_and_exchange_rates/euro_reference_exchange_rates/html/eurofxref-graph-aud.de.html | D10: - | M10: 0.6593
B12: Mile in KM | C12: 0.621371
B14: TRAFFIC CPI TO 2024 | C14: 2002 | D14: 2006 | E14: 2009 | F14: 2003 | G14: 2000 | H14: 2024 | I14: 2018 | J14: 2020 | K14: 2024 | L14: 2016 | M14: 2017 | N14: 2008 | O14: 2022
B15: https://genesis.destatis.de/datenbank/online/statistic/61111/table/61111-0005 | C15: 74.9 | D15: 83.9 | E15: 88.2 | F15: 76.5 | G15: 71.6 | H15: 124.8 | I15: 101.1 | J15: 100 | K15: 124.8 | L15: 95.2 | M15: 98 | N15: 89.8 | O15: 120
C16: =$H$15/C15 -> 1.6662216 | D16: =$H$15/D15 -> 1.4874851 | E16: =$H$15/E15 -> 1.414966 | F16: =$H$15/F15 -> 1.6313725 | G16: =$H$15/G15 -> 1.7430168 | H16: =$H$15/H15 -> 1 | I16: =$H$15/I15 -> 1.2344214 | J16: =$H$15/J15 -> 1.248 | ... O16: =$H$15/O15 -> 1.04
B18: STANDARD CPI TO 2024 | C18: 2015 | D18: 2024 | E18: 2012 | F18: 2003 | G18: 2014 | H18: 1999 | I18: 2012 | J18: 2019 | K18: 2016 | L18: 2010 | M18: 2008 | N18: 2020 | O18: 2005 | P18: 2023 | Q18: 2005 | R18: 2017 | S18: 2022
B19: https://www-genesis.destatis.de/datenbank/online/statistic/61111/table/61111-0001 | C19: 94.5 | D19: 119.3 | E19: 91.7 | F19: 78.9 | G19: 94 | H19: 74.5 | I19: 91.7 | J19: 99.5 | K19: 95 | L19: 88.1 | M19: 86.9 | N19: 100 | O19: 81.5 | P19: 116.7 | Q19: 81.5 | R19: 96.4 | S19: 110.2
C20: =$D$19/C19 -> 1.2624339 | D20: =$D$19/D19 -> 1 | E20: =$D$19/E19 -> 1.3009815 | F20: =$D$19/F19 -> 1.5120406 | G20: =$D$19/G19 -> 1.2691489 | H20: =$D$19/H19 -> 1.6013423 | I20: =$D$19/I19 -> 1.3009815 | J20: =$D$19/J19 -> 1.198995 | ... S20: =$D$19/S19 -> 1.0825771
